Workbook

Sheet 10 JUNIO 2024
A1: Cód. | B1: Renglón | C1: Razón Social o Nombre del Acreedor | D1: Nit o Cédula de Ciudadanía | E1: Dirección de Notificación Acreedor | F1: Ciudad o Municipio de Notificación del Acreedor | G1: Saldo Capital por Pagar | H1: Capital Vencido | I1: Saldo por Pagar Intereses | J1: Valor Sanciones por Pagar | K1: Saldo a la Fecha de Corte de la Solicitud | L1: Tasa de Interés Pactado | M1: Fecha de Inicio de la Obligacion | N1: Fecha Vencimiento | O1: Nombre o Razón social Codeudores - Fiadores o Avalistas | P1: Documento de Identidad o Nit -Codeudor - Fiadores o Avalistas | Q1: Dirección de Notificación Codeudor - Fiadores o Avalistas | R1: Ciudad o Municipio de Notificacion del Codeudor | S1: GARANTIA
A2: 0 | B2: CREDITO N 1260087399 | C2: BANCOLOMBIA | D2: 890903938 | E2: CALLE 94 13 18 | F2: BOGOTA | G2: 3993221260 | H2: =+G2 -> 3993221260 | I2: =111266350+29949156 -> 141215506 | K2: =+G2+I2+J2 -> 4134436766 | L2: 0.015 | M2: 44014 | N2: 44744 | O2: INVERSIONES RUBAL | P2: 900480022 | Q2: transversal 1 # 114-23- apto 304 | R2: BOGOTA | S2: SOLIDARIA
A3: 1 | B3: CREDITO N 7300323042597950 | C3: BANCO DAVIVIENDA | D3: 860034313 | E3: CRA 15 93B 98 | F3: BOGOTA | G3: 400000000 | H3: =+G3 -> 400000000 | I3: =98000000+6960000 -> 104960000 | K3: =+G3+I3+J3 -> 504960000 | L3: 0.035 | M3: 44685 | N3: 44961
A4: 2 | B4: CREDITO N 7300323042802170 | C4: BANCO DAVIVIENDA | D4: 860034313 | E4: CRA 15 93B 98 | F4: BOGOTA | G4: 500000000 | H4: =+G4 -> 500000000 | I4: =53000000+8700000 -> 61700000 | K4: =+G4+I4+J4 -> 561700000 | L4: 0.035 | M4: 44693 | N4: 44969
A5: 3 | B5: CREDITO N 7300323042057970 | C5: BANCO DAVIVIENDA | D5: 860034313 | E5: CRA 15 93B 98 | F5: BOGOTA | G5: 2000000000 | H5: =+G5 -> 2000000000 | I5: =400000000+34800000 -> 434800000 | K5: =+G5+I5+J5 -> 2434800000 | L5: 0.035 | M5: 44670 | N5: 44976
A6: 4 | B6: CREDITO N 7300323044759260 | C6: BANCO DAVIVIENDA | D6: 860034313 | E6: CRA 15 93B 98 | F6: BOGOTA | G6: 100000000 | H6: =+G6 -> 100000000 | I6: =20000000+1740000 -> 21740000 | K6: =+G6+I6+J6 -> 121740000 | L6: 0.035 | M6: 44768 | N6: 44983
A7: 5 | B7: LEASING FINANCIERO 180-52499 | C7: BANCO DE OCCIDENTE LEASING | D7: 890300279 | E7: CR 11 90 55 | F7: BOGOTA | G7: 5045866938 | H7: =+G7 -> 5045866938 | I7: 804286139 | J7: 547042047 | K7: =+G7+I7+J7 -> 6397195124 | L7: 0.018 | M7: 45013 | N7: 45015
A8: 6 | B8: SOBREGIRO BANCOLOMBIA | C8: BANCOLOMBIA | D8: 890903938 | E8: CALLE 94 13 18 | F8: BOGOTA | G8: 150468020 | H8: =+G8 -> 150468020 | K8: =+G8+I8+J8 -> 150468020
A9: 7 | B9: PAGARE | C9: ALVAREZ VALDERRAMA ELEONORA | D9: 31889148 | E9: tansversal 1 # 114--23 apto 304 | F9: BOGOTA | G9: 334862610 | I9: 6585040 | K9: =+G9+I9+J9 -> 341447650 | L9: =+(1+15.9%)^(0.0833333333333333)-1 -> 0.012372376 | M9: 44866 | N9: 46298
A10: 8 | B10: PAGARE | C10: CERQUERA TAPIERO CESAR | D10: 12131578 | E10: Calle 141 # 7-71-T2 -apto 1301 | F10: BOGOTA | G10: 222888000 | H10: 222888000 | I10: 217791675 | K10: =+G10+I10+J10 -> 440679675 | L10: 0.0153 | M10: 44677 | N10: 45041
A11: 9 | B11: PAGARE | C11: CERQUERA TAPIERO CESAR | D11: 12131578 | E11: Calle 141 # 7-71-T2 -apto 1301 | F11: BOGOTA | G11: 236934888 | H11: 236934888 | I11: 0 | K11: =+G11+I11+J11 -> 236934888 | L11: 0.0153 | M11: 44770 | N11: 45134
A12: 10 | B12: PAGARE | C12: CERQUERA TAPIERO CESAR | D12: 12131578 | E12: Calle 141 # 7-71-T2 -apto 1301 | F12: BOGOTA | G12: 328115734 | H12: 328115734 | I12: 0 | K12: =+G12+I12+J12 -> 328115734 | L12: 0.0171 | M12: 44687 | N12: 45051
A13: 11 | B13: PAGARE | C13: CARDENAS SACHICA ANDERSON JAIME | D13: 79625800 | E13: ajcardenas72@gmail.com | F13: BOGOTA | G13: 76916000 | I13: 10447259 | K13: =+G13+I13+J13 -> 87363259 | L13: 0.0153 | M13: 44707 | N13: 45438
A14: 12 | B14: PAGARE | C14: CORDOBA RAMIREZ NOHORA PATRICIA | D14: 35499830 | E14: paticordobar@gmail.com | F14: BOGOTA | G14: 150000000 | H14: 150000000 | I14: 27015300 | K14: =+G14+I14+J14 -> 177015300 | L14: 0.015 | M14: 43865 | N14: 44195
A15: 13 | B15: PAGARE | C15: CORDOBA RAMIREZ MARIA ISABEL | D15: 35496405 | E15: mariaisa4439@hotmail.com | F15: BOGOTA | G15: 80000000 | H15: 80000000 | I15: 22088160 | K15: =+G15+I15+J15 -> 102088160 | L15: 0.015 | M15: 44218 | N15: 44218
A16: 14 | B16: PAGARE | C16: DUQUE DE CAMELO LUZ MARINA | D16: 41304119 | E16: dicdam@gmail.com | F16: BOGOTA | G16: 250000000 | H16: 250000000 | I16: 69025500 | K16: =+G16+I16+J16 -> 319025500 | L16: 0.015 | M16: 44469 | N16: 44469
A17: 15 | B17: PAGARE | C17: DUSSAN CALDERON CARLOS ALBERTO | D17: 12137629 | E17: carlosalbertodussan@gmail.com | F17: BOGOTA | G17: 150000000 | I17: 130646432 | K17: =+G17+I17+J17 -> 280646432 | L17: =+(1+16%)^(0.0833333333333333)-1 -> 0.012445138 | M17: 43662 | N17: 43815
A18: 16 | B18: PAGARE | C18: DUSSAN CALDERON CARLOS ALBERTO | D18: 12137629 | E18: carlosalbertodussan@gmail.com | F18: BOGOTA | G18: 70000000 | I18: 0 | K18: =+G18+I18+J18 -> 70000000 | L18: 0.03 | M18: 44244 | N18: 44333
A19: 17 | B19: PAGARE | C19: PATIÑO CLAUDIO | D19: 19445543 | E19: claudiopatinoa@yahoo.es | F19: BOGOTA | G19: 200000000 | H19: 200000000 | I19: 158830600 | K19: =+G19+I19+J19 -> 358830600 | L19: 0.03 | M19: 44986 | N19: 45168
A20: 18 | B20: PAGARE | C20: POVEDA SALAZAR ROBERTO | D20: 2085717 | E20: Cra 21 # 137-71 | F20: BOGOTA | G20: 4000000000 | H20: 4000000000 | I20: 1913085600 | K20: =+G20+I20+J20 -> 5913085600 | L20: 0.015 | M20: 43941 | N20: 44776 | O20: JORGE ENRIQUE RUBIO - LISA ALEJANDRA RUBIO GUTIERREZ | P20: 52622236 - 79444838 | Q20: CL 93A 14 17 | R20: BOGOTA | S20: SOLIDARIA
A21: 19 | B21: PAGARE | C21: RUBIO GUTIERREZ JORGE ENRIQUE | D21: 79444838 | E21: jorgeerubiog@hotmail.com | F21: BOGOTA | G21: 69988722 | H21: 69988722 | I21: 403941 | K21: =+G21+I21+J21 -> 70392663 | M21: 44669
A22: 20 | B22: PAGARE | C22: RUBIO DIAZ LUIS ENRIQUE | D22: 17063209 | E22: transversal 1 # 114-23- apto 304 | F22: BOGOTA | G22: 42240816 | H22: 42240816 | I22: 0 | K22: =+G22+I22+J22 -> 42240816 | M22: 44911
A23: 21 | B23: PAGARE | C23: ROSAS RODRIGUEZ AVELINO | D23: 17126213 | E23: Calle 24B # 72A-47 | F23: BOGOTA | G23: 215000000 | H23: 215000000 | I23: 65658600 | K23: =+G23+I23+J23 -> 280658600 | L23: 0.0124 | M23: 44408 | N23: 44773
A24: 22 | B24: PAGARE | C24: REYES MUÑOZ LEANDRO | D24: 80022675 | E24: reyes.leandro@gmail.com | F24: BOGOTA | G24: 12500000 | I24: 0 | K24: =+G24+I24+J24 -> 12500000 | L24: 0.04 | M24: 44245 | N24: 44334
A25: 23 | B25: PAGARE | C25: INVERSIONES SAVART S.A | D25: 900239408 | E25: inversiones@savart.co | F25: BOGOTA | G25: 1070918692 | I25: 634921842 | K25: =+G25+I25+J25 -> 1705840534 | L25: 0.01 | M25: 44651
A26: 24 | B26: PAGARE | C26: INVERSIONES RUBAL S.A.S | D26: 900480022 | E26: transversal 1 # 114-23- apto 304 | F26: BOGOTA | G26: 1500000000 | I26: 867275132 | K26: =+G26+I26+J26 -> 2367275132 | L26: 0.0125 | M26: 43600
A27: 25 | B27: PAGARE | C27: INVERSIONES RUBAL S.A.S | D27: 900480022 | E27: transversal 1 # 114-23- apto 304 | F27: BOGOTA | G27: 895146764 | I27: 0 | K27: =+G27+I27+J27 -> 895146764 | M27: 44866 | N27: 45473
A28: 26 | B28: PAGARE | C28: CARVAS S.A | D28: 900567047 | E28: CALLE 93A 14 17 | F28: BOGOTA | G28: 200000000 | I28: 41640000 | K28: =+G28+I28+J28 -> 241640000 | M28: 45098
A29: 999999 | B29: Obligaciones Financieras | G29: =SUM(G2:G28) -> 22295068444 | H29: =SUM(H2:H28) -> 17984724378 | I29: =SUM(I2:I28) -> 5734116726 | J29: =SUM(J2:J7) -> 547042047 | K29: =SUM(K2:K28) -> 28576227217
A30: 0 | B30: AVATAR - MANT EQUIPOS MH2110 | C30: ESGUERRA ALDANA MARIA HELENA | D30: 51764258 | E30: CALLE 93A 14 17 | F30: BOGOTA | G30: 1280434 | H30: =+G30 -> 1280434 | K30: =SUM(H30:J30) -> 1280434 | M30: 44620 | N30: =+M30+30 -> 44650
A31: 1 | B31: OFICINA - ASESORIA JUR HON ABOG ALTACOL - FVE156 | C31: SL CONSULTORES S.A.S | D31: 830106135 | E31: CRA 9 100 07 | F31: BOGOTA | G31: 3118243 | H31: =+G31 -> 3118243 | K31: =SUM(H31:J31) -> 3118243 | M31: 44999 | N31: =+M31+30 -> 45029
A32: 2 | B32: OFICINA - ASESORIA ORGANIZACIONAL-CTA-001-2024 | C32: OLIVERO GONZALEZ JENNY ALEJANDRA | D32: 1013595864 | E32: CALLE 93A 14 17 | F32: BOGOTA | G32: 100000 | H32: 100000 | K32: =SUM(H32:J32) -> 100000
A33: 3 | B33: AVATAR - AREEGLOS VARIOS MESONES - 13278 | C33: MEDITERRANEAN MARBLE COMPANY S.A.S | D33: 830511599 | E33: info@mediterraneanmarblesas.com | F33: BOGOTA | G33: 865148 | H33: =+G33 -> 865148 | K33: =SUM(H33:J33) -> 865148 | M33: 44284 | N33: =+M33+30 -> 44314
A34: 4 | B34: AVATAR - AREEGLOS VARIOS MESONES - 13337 | C34: MEDITERRANEAN MARBLE COMPANY S.A.S | D34: 830511599 | E34: info@mediterraneanmarblesas.com | F34: BOGOTA | G34: 1370137 | H34: =+G34 -> 1370137 | K34: =SUM(H34:J34) -> 1370137 | M34: 44375 | N34: =+M34+30 -> 44405
A35: 5 | B35: AVATAR - ARREGLOS VARIOS COCINA - FE1273 | C35: ARTEFACTOS AMERICAN LTDA. | D35: 860002066 | E35: servicioalcliente@arteamerican.com.co | F35: BOGOTA | G35: 2239955 | H35: =+G35 -> 2239955 | K35: =SUM(H35:J35) -> 2239955 | M35: 44628 | N35: =+M35+30 -> 44658
A36: 6 | B36: AVATAR - PISO LAMINADO ABEDULES 1610 - 5028696 | C36: ALTACOL NORVENTAS S.A.S | D36: 860050956 | E36: carlos.valencia@norventas.com | F36: BOGOTA | G36: 3484910 | H36: =+G36 -> 3484910 | K36: =SUM(H36:J36) -> 3484910 | M36: 44162 | N36: =+M36+30 -> 44192
A37: 7 | B37: JAMUNDI | C37: SANTOS LOPEZ CONSTRUDRYWALL | D37: 901084703 | G37: 37521323 | H37: =+G37 -> 37521323 | K37: =SUM(H37:J37) -> 37521323
A38: 8 | B38: OFICINA - ALMACENAMIENTO ARCHIVO - AE2179 | C38: ALMARCHIVOS SA | D38: 860510669 | E38: calle 17A # 58-58 | F38: BOGOTA | G38: 1328857 | H38: =+G38 -> 1328857 | K38: =SUM(H38:J38) -> 1328857 | M38: 44902 | N38: =+M38+30 -> 44932
A39: 9 | B39: OFICINA - ALMACENAMIENTO ARCHIVO - AE2279 | C39: ALMARCHIVOS SA | D39: 860510669 | E39: calle 17A # 58-58 | F39: BOGOTA | G39: 1339945 | H39: =+G39 -> 1339945 | K39: =SUM(H39:J39) -> 1339945 | M39: 44943 | N39: =+M39+30 -> 44973
A40: 10 | B40: OFICINA - ALMACENAMIENTO ARCHIVO - AE2334 | C40: ALMARCHIVOS SA | D40: 860510669 | E40: calle 17A # 58-58 | F40: BOGOTA | G40: 1339945 | H40: =+G40 -> 1339945 | K40: =SUM(H40:J40) -> 1339945 | M40: 44966 | N40: =+M40+30 -> 44996
A41: 11 | B41: OFICINA - ALMACENAMIENTO ARCHIVO - AE2416 | C41: ALMARCHIVOS SA | D41: 860510669 | E41: calle 17A # 58-58 | F41: BOGOTA | G41: 1339945 | H41: =+G41 -> 1339945 | K41: =SUM(H41:J41) -> 1339945 | M41: 44995 | N41: =+M41+30 -> 45025
A42: 12 | B42: OFICINA - ALMACENAMIENTO ARCHIVO - AE2593 | C42: ALMARCHIVOS SA | D42: 860510669 | E42: calle 17A # 58-58 | F42: BOGOTA | G42: 1339945 | H42: =+G42 -> 1339945 | K42: =SUM(H42:J42) -> 1339945 | M42: 45058 | N42: =+M42+30 -> 45088
A43: 13 | B43: OFICINA - ALMACENAMIENTO ARCHIVO - AE2753 | C43: ALMARCHIVOS SA | D43: 860510669 | E43: calle 17A # 58-58 | F43: BOGOTA | G43: 1339945 | H43: =+G43 -> 1339945 | K43: =SUM(H43:J43) -> 1339945 | M43: 45124 | N43: =+M43+30 -> 45154
A44: 14 | B44: OFICINA - ALMACENAMIENTO ARCHIVO - AE2846 | C44: ALMARCHIVOS SA | D44: 860510669 | E44: calle 17A # 58-58 | F44: BOGOTA | G44: 1263252 | H44: =+G44 -> 1263252 | K44: =SUM(H44:J44) -> 1263252 | M44: 45146 | N44: 45146
A45: 15 | B45: OFICINA - ALMACENAMIENTO ARCHIVO - AE3078 | C45: ALMARCHIVOS SA | D45: 860510669 | E45: calle 17A # 58-58 | F45: BOGOTA | G45: 1515812 | H45: =+G45 -> 1515812 | K45: =SUM(H45:J45) -> 1515812 | M45: 45233 | N45: =+M45+30 -> 45263
A46: 16 | B46: OFICINA - ALMACENAMIENTO ARCHIVO - AE3079 | C46: ALMARCHIVOS SA | D46: 860510669 | E46: calle 17A # 58-58 | F46: BOGOTA | G46: 2152390 | H46: =+G46 -> 2152390 | K46: =SUM(H46:J46) -> 2152390 | M46: 45233 | N46: =+M46+30 -> 45263
A47: 17 | B47: OFICINA - ALMACENAMIENTO ARCHIVO - AE3077 | C47: ALMARCHIVOS SA | D47: 860510669 | E47: calle 17A # 58-58 | F47: BOGOTA | G47: 1515812 | H47: =+G47 -> 1515812 | K47: =SUM(H47:J47) -> 1515812 | M47: 45233 | N47: =+M47+30 -> 45263
A48: 18 | B48: AVATAR - MAT VARIOS FERRETERIA - 3185 | C48: FERRETERIA DIMAFER & HERMACO SAS | D48: 860515462 | E48: ventas@dimaferyhermaco.com | F48: BOGOTA | G48: 410129 | H48: =+G48 -> 410129 | K48: =SUM(H48:J48) -> 410129 | M48: 44680 | N48: =+M48+30 -> 44710
A49: 19 | B49: AVATAR - MAT VARIOS FERRETERIA - 3483 | C49: FERRETERIA DIMAFER & HERMACO SAS | D49: 860515462 | E49: ventas@dimaferyhermaco.com | F49: BOGOTA | G49: 1619402 | H49: =+G49 -> 1619402 | K49: =SUM(H49:J49) -> 1619402 | M49: 44719 | N49: =+M49+30 -> 44749
A50: 20 | B50: AVATAR - MAT VARIOS FERRETERIA - 3603 | C50: FERRETERIA DIMAFER & HERMACO SAS | D50: 860515462 | E50: ventas@dimaferyhermaco.com | F50: BOGOTA | G50: 666092 | H50: =+G50 -> 666092 | K50: =SUM(H50:J50) -> 666092 | M50: 44735 | N50: =+M50+30 -> 44765
A51: 21 | B51: AVATAR - MAT VARIOS FERRETERIA - 3725 | C51: FERRETERIA DIMAFER & HERMACO SAS | D51: 860515462 | E51: ventas@dimaferyhermaco.com | F51: BOGOTA | G51: 993466 | H51: =+G51 -> 993466 | K51: =SUM(H51:J51) -> 993466 | M51: 44755 | N51: =+M51+30 -> 44785
A52: 22 | B52: AVATAR - MAT VARIOS FERRETERIA - 3842 | C52: FERRETERIA DIMAFER & HERMACO SAS | D52: 860515462 | E52: ventas@dimaferyhermaco.com | F52: BOGOTA | G52: 880633 | H52: =+G52 -> 880633 | K52: =SUM(H52:J52) -> 880633 | M52: 44784 | N52: =+M52+30 -> 44814
A53: 23 | B53: SALITRE - INTERESES 400066342 | C53: PETROBRAS COLOMBIA COMBUSTIBLES S.A. | D53: 900047822 | E53: yenny.yanquen.leguizamo@pwc.com | F53: BOGOTA | G53: 1150129 | H53: =+G53 -> 1150129 | K53: =SUM(H53:J53) -> 1150129 | M53: 44686 | N53: =+M53+30 -> 44716
A54: 24 | B54: SALITRE - INTERESES 400072989 | C54: PETROBRAS COLOMBIA COMBUSTIBLES S.A. | D54: 900047822 | E54: yenny.yanquen.leguizamo@pwc.com | F54: BOGOTA | G54: 15865063 | H54: =+G54 -> 15865063 | K54: =SUM(H54:J54) -> 15865063 | M54: 44770 | N54: =+M54+30 -> 44800
A55: 25 | B55: SALITRE - SALDO SANCION 400084995 | C55: PETROBRAS COLOMBIA COMBUSTIBLES S.A. | D55: 900047822 | E55: yenny.yanquen.leguizamo@pwc.com | F55: BOGOTA | G55: 278000000 | H55: =+G55 -> 278000000 | K55: =SUM(H55:J55) -> 278000000 | M55: 44917 | N55: =+M55+30 -> 44947
A56: 26 | B56: SALITRE - SALDO SANCION 400085486 | C56: PETROBRAS COLOMBIA COMBUSTIBLES S.A. | D56: 900047822 | E56: yenny.yanquen.leguizamo@pwc.com | F56: BOGOTA | G56: 21509971 | H56: =+G56 -> 21509971 | K56: =SUM(H56:J56) -> 21509971 | M56: 45011 | N56: =+M56+30 -> 45041
A57: 27 | B57: JAMUNDI | C57: CASTILLO MEDINA ARQUITECTOS | G57: 3223800 | H57: =+G57 -> 3223800 | K57: =SUM(H57:J57) -> 3223800
A58: 28 | B58: OFICINA - LICENCIA VERGEL | C58: MC+JFS ARQUITECTOS SAS | D58: 900694887 | E58: CALLE 70A 11 14 | F58: BOGOTA | G58: 514562 | H58: =+G58 -> 514562 | K58: =SUM(H58:J58) -> 514562 | M58: 44805 | N58: =+M58+30 -> 44835
A59: 29 | B59: OFICINA - EDICTO SRA ANA LUCIA MORA 210117297 | C59: EDITORIAL LA REPUBLICA S.A.S. | D59: 901017183 | E59: carrera 13A # 37-32 | F59: BOGOTA | G59: 375000 | H59: =+G59 -> 375000 | K59: =SUM(H59:J59) -> 375000 | M59: 45001 | N59: =+M59+30 -> 45031
A60: 30 | B60: OFICINA - FACT ELECTRONICA -FVE18842 | C60: VISUALSOFT COLOMBIA SAS | D60: 901034990 | E60: carrera 43 # 103A -23 | F60: BOGOTA | G60: 102888 | H60: =+G60 -> 102888 | K60: =SUM(H60:J60) -> 102888 | M60: 45200 | N60: =+M60+30 -> 45230
A61: 31 | B61: OFICINA - FACT ELECTRONICA - FVE19082 | C61: VISUALSOFT COLOMBIA SAS | D61: 901034990 | E61: carrera 43 # 103A -23 | F61: BOGOTA | G61: 102887 | H61: =+G61 -> 102887 | K61: =SUM(H61:J61) -> 102887 | M61: 45231 | N61: =+M61+30 -> 45261
A62: 32 | B62: OFICINA - FACT ELECTRONICA - FVE19082 | C62: VISUALSOFT COLOMBIA SAS | D62: 901034990 | E62: carrera 43 # 103A -23 | F62: BOGOTA | G62: 8590 | H62: =+G62 -> 8590 | K62: =SUM(H62:J62) -> 8590 | M62: 45261 | N62: =+M62+30 -> 45291
A63: 33 | B63: OFICINA - ASESORIA JURIDICA - FECM106 | C63: CASTRO MUÑOZ & ABOGADOS | D63: 901084247 | E63: CRA 5 66 77 | F63: BOGOTA | G63: 3748592 | H63: =+G63 -> 3748592 | K63: 3748592 | M63: 45247 | N63: =+M63+30 -> 45277
A64: 34 | B64: OFICINA - ASESORIA JURIDICA - GP79421 | C64: GOMEZ PINZON ABOGADOS SAS | D64: 800175087 | E64: gpa@gomezpinzon.com | F64: BOGOTA | G64: 357000 | H64: =+G64 -> 357000 | K64: =SUM(H64:J64) -> 357000 | M64: 45233 | N64: =+M64+30 -> 45263
A65: 35 | C65: YARDA CONSTRUCCIONES SAS | D65: 900132197 | E65: CL 163B 48 80 | F65: BOGOTA | G65: 5692472 | H65: =+G65 -> 5692472 | K65: 5692472 | M65: 45184 | N65: =+M65+30 -> 45214
A66: 36 | B66: OFICINA - ASESORIA JURIDICA | C66: ASESORIAS Y TACTICAS SAS | D66: 900576646 | F66: BOGOTA | G66: 5950000 | H66: =+G66 -> 5950000 | K66: =+H66 -> 5950000
A67: 37 | B67: OFICINA | C67: PERALTA MENDIETA PEDRO ANTONIO | G67: 2400000 | H67: =+G67 -> 2400000 | K67: =+H67 -> 2400000
A68: 38 | C68: GUZMAN GARDEAZABAL KELLY | D68: 38962668 | F68: CALI | G68: 7910002 | H68: =+G68 -> 7910002 | K68: =SUM(H68:J68) -> 7910002
A69: 999999 | B69: Proveedores Nacionales | G69: =SUM(G30:G68) -> 415936676 | H69: =SUM(H30:H68) -> 415936676 | I69: =SUM(I30:I68) -> 0 | J69: =SUM(J30:J68) -> 0 | K69: =SUM(K30:K68) -> 415936676
A70: 0 | B70: OFICINA - SALDO TOPOGRAFIA MARRUECOS - HEML75 | C70: MUÑOZ LOAIZA HECTOR | D70: 7541721 | E70: hmlhector@gmail.com | F70: BOGOTA | G70: 2591962 | H70: =+G70 -> 2591962 | K70: =SUM(H70:J70) -> 2591962 | M70: 31/11/2022 | N70: =+M70+30 -> #VALUE!
A71: 1 | B71: VERGEL - EST SUELOS - AUS5322 | C71: ALFONSO URIBE S & CIA SA | D71: 830066664 | E71: cartera@alfonsouribesuelos.com | F71: BOGOTA | G71: 20016900 | H71: =+G71 -> 20016900 | K71: =SUM(H71:J71) -> 20016900 | M71: 44974 | N71: =+M71+30 -> 45004
A72: 2 | B72: AVATAR - VARIOS PINTURA - JOB400 | C72: JOB COMPAÑIA DE DECORACION Y SERVICIOS EN PINTURA SAS | D72: 900859125 | E72: juliodiaz_contratista@yahoo.es | F72: BOGOTA | G72: 3450962 | H72: =+G72 -> 3450962 | K72: =SUM(H72:J72) -> 3450962 | M72: 44622 | N72: =+M72+30 -> 44652
A73: 3 | B73: VERGEL - REVISION DISEÑO SALA VENTAS - FVE88 | C73: EXONOVO INGENIERIA Y CONSULTORIA S.A.S. | D73: 901080332 | E73: CR 53 104A B 35 | F73: BOGOTA | G73: 1744650 | H73: =+G73 -> 1744650 | K73: =SUM(H73:J73) -> 1744650 | M73: 44911 | N73: =+M73+30 -> 44941
A74: 4 | B74: JAMUNDI | C74: FIRA INGENIERIA SAS | G74: 94804802 | H74: =+G74 -> 94804802 | K74: =SUM(H74:J74) -> 94804802
A75: 999999 | B75: Cuentas por pagar Contratistas | G75: =SUM(G70:G74) -> 122609276 | H75: =SUM(H70:H74) -> 122609276 | I75: =SUM(I70:I74) -> 0 | J75: =SUM(J70:J74) -> 0 | K75: =SUM(K70:K74) -> 122609276
A76: 0 | B76: OFICINA - HON REVISOR FISCAL JULIO 2022 | C76: ACERO MATALLANA EDGAR GUSTAVO | D76: 19265977 | E76: edgarusacero@yahoo.com | F76: BOGOTA | G76: 3767092 | H76: =+G76 -> 3767092 | K76: =SUM(H76:J76) -> 3767092 | M76: 44771 | N76: =+M76+30 -> 44801
A77: 1 | B77: OFICINA - HON REVISOR FISCAL AGOSTO 2022 | C77: ACERO MATALLANA EDGAR GUSTAVO | D77: 19265977 | E77: edgarusacero@yahoo.com | F77: BOGOTA | G77: 3767092 | H77: =+G77 -> 3767092 | K77: =SUM(H77:J77) -> 3767092 | M77: 44804 | N77: =+M77+30 -> 44834
A78: 2 | B78: OFICINA - HON REVISOR FISCAL SEPTIEMBRE 2022 | C78: ACERO MATALLANA EDGAR GUSTAVO | D78: 19265977 | E78: edgarusacero@yahoo.com | F78: BOGOTA | G78: 3767092 | H78: =+G78 -> 3767092 | K78: =SUM(H78:J78) -> 3767092 | M78: 44834 | N78: =+M78+30 -> 44864
A79: 3 | B79: OFICINA - HON REVISOR FISCAL OCTUBRE 2022 | C79: ACERO MATALLANA EDGAR GUSTAVO | D79: 19265977 | E79: edgarusacero@yahoo.com | F79: BOGOTA | G79: 3767092 | H79: =+G79 -> 3767092 | K79: =SUM(H79:J79) -> 3767092 | M79: 44864 | N79: =+M79+30 -> 44894
A80: 4 | B80: OFICINA - HON REVISOR FISCAL NOVIEMBRE 2022 | C80: ACERO MATALLANA EDGAR GUSTAVO | D80: 19265977 | E80: edgarusacero@yahoo.com | F80: BOGOTA | G80: 3767092 | H80: =+G80 -> 3767092 | K80: =SUM(H80:J80) -> 3767092 | M80: 44914 | N80: =+M80+30 -> 44944
A81: 5 | B81: OFICINA - HON REVISOR FISCAL DICIEMBRE 2022 | C81: ACERO MATALLANA EDGAR GUSTAVO | D81: 19265977 | E81: edgarusacero@yahoo.com | F81: BOGOTA | G81: 3767092 | H81: =+G81 -> 3767092 | K81: =SUM(H81:J81) -> 3767092 | M81: 44926 | N81: =+M81+30 -> 44956
A82: 6 | B82: OFICINA - HON REVISOR FISCAL ENE-FEB 2023 | C82: ACERO MATALLANA EDGAR GUSTAVO | D82: 19265977 | E82: edgarusacero@yahoo.com | F82: BOGOTA | G82: 7534184 | H82: =+G82 -> 7534184 | K82: =SUM(H82:J82) -> 7534184 | M82: 44985 | N82: =+M82+30 -> 45015
A83: 7 | B83: OFICINA - HON REVISOR FISCAL MARZO 2023 | C83: ACERO MATALLANA EDGAR GUSTAVO | D83: 19265977 | E83: edgarusacero@yahoo.com | F83: BOGOTA | G83: 3767072 | H83: =+G83 -> 3767072 | K83: =SUM(H83:J83) -> 3767072 | M83: 45016 | N83: =+M83+30 -> 45046
A84: 8 | B84: OFICINA - HON REVISOR FISCAL 2023 | C84: ACERO MATALLANA EDGAR GUSTAVO | D84: 19265977 | E84: edgarusacero@yahoo.com | F84: BOGOTA | G84: 15068368 | H84: =+G84 -> 15068368 | K84: =SUM(H84:J84) -> 15068368 | M84: 45291 | N84: =+M84+30 -> 45321
A85: 9 | B85: OFICINA - HON ASESOR TRIBUTARIO | C85: CASTRO MALDONADO ALVARO OSWALDO | D85: 19329923 | E85: CALLE 93A 14 17 | F85: BOGOTA | G85: 2979300 | H85: =+G85 -> 2979300 | K85: =SUM(H85:J85) -> 2979300 | M85: 44530 | N85: =+M85+30 -> 44560
A86: 10 | B86: OFICINA - HON ASESOR TRIBUTARIO | C86: CASTRO MALDONADO ALVARO OSWALDO | D86: 19329923 | E86: CALLE 93A 14 17 | F86: BOGOTA | G86: 2979300 | H86: =+G86 -> 2979300 | K86: =SUM(H86:J86) -> 2979300 | M86: 44560 | N86: =+M86+30 -> 44590
A87: 11 | B87: OFICINA - HON ASESOR TRIBUTARIO | C87: CASTRO MALDONADO ALVARO OSWALDO | D87: 19329923 | E87: CALLE 93A 14 17 | F87: BOGOTA | G87: 2974020 | H87: =+G87 -> 2974020 | K87: =SUM(H87:J87) -> 2974020 | M87: 44651 | N87: =+M87+30 -> 44681
... A99: 23 | B99: OFICINA - HONORARIOS AVALUOS INDIVIDUALES - 013011 | C99: GESTIION URBANISTICA SAS | D99: 900177741 | E99: CRA 13A 89 38 | F99: BOGOTA | G99: 2483189 | H99: =+G99 -> 2483189 | K99: =SUM(H99:J99) -> 2483189 | M99: 45063 | N99: =+M99+30 -> 45093
A100: 24 | B100: OFICINA - ASESORIA VENTA LOTE VERGEL | C100: RUUBIO GUTIERREZ LISA ALEJANDRA | D100: 52622236 | E100: CALLE 93A 14 17 | F100: BOGOTA | G100: 11640734 | H100: =+G100 -> 11640734 | K100: =SUM(H100:J100) -> 11640734
A101: 25 | B101: OFICINA - ASESORIA JURIDICA | C101: ASESORIAS Y TACTICAS SAS | D101: 900576646 | E101: CALLE 110A 7C 57 | F101: BOGOTA | G101: 5356700 | H101: =+G101 -> 5356700 | K101: =SUM(H101:J101) -> 5356700
A102: 26 | B102: JAMUNDI | C102: ALOMIA TOPOGRAFIA SAS | D102: 900630676 | E102: CALLE 50 99A 66 | F102: BOGOTA | G102: 342892 | H102: =+G102 -> 342892 | K102: =SUM(H102:J102) -> 342892
A103: 27 | B103: SAMAN - MAT ENCHAPE TORRE B FETR40059 | C103: TECHOS S.A.S | D103: 860023001 | E103: jose.alarcon@techossas.con | F103: BOGOTA | G103: 1224066 | H103: =+G103 -> 1224066 | K103: 1224066 | M103: 44959 | N103: =+M103+30 -> 44989
A104: 999999 | B104: Honorarios | G104: =SUM(G76:G103) -> 138257125 | H104: =SUM(H76:H103) -> 138257125 | I104: =SUM(I76:I103) -> 0 | J104: =SUM(J76:J103) -> 0 | K104: =SUM(K76:K103) -> 138257125
A105: 0 | B105: OFICINA - ARRIENDO ABRIL OFI 705 | C105: RUBIO DIAZ LUIS ENRIQUE | D105: 17063209 | E105: transversal 1 # 114 -23 -apto 304 | F105: BOGOTA | G105: 4085960 | H105: =+G105 -> 4085960 | K105: =SUM(H105:J105) -> 4085960 | M105: 44655 | N105: =+M105+30 -> 44685
A106: 1 | B106: OFICINA - ARRIENDO MAYO OFI 705 | C106: RUBIO DIAZ LUIS ENRIQUE | D106: 17063209 | E106: transversal 1 # 114 -23 -apto 304 | F106: BOGOTA | G106: 4581360 | H106: =+G106 -> 4581360 | K106: =SUM(H106:J106) -> 4581360 | M106: 44684 | N106: =+M106+30 -> 44714
A107: 2 | B107: OFICINA - ARRIENDO JUNIO OFI 705 | C107: RUBIO DIAZ LUIS ENRIQUE | D107: 17063209 | E107: transversal 1 # 114 -23 -apto 304 | F107: BOGOTA | G107: 4581360 | H107: =+G107 -> 4581360 | K107: =SUM(H107:J107) -> 4581360 | M107: 44715 | N107: =+M107+30 -> 44745
A108: 3 | B108: OFICINA - ARRIENDO JULIO OFI 705 | C108: RUBIO DIAZ LUIS ENRIQUE | D108: 17063209 | E108: transversal 1 # 114 -23 -apto 304 | F108: BOGOTA | G108: 4581360 | H108: =+G108 -> 4581360 | K108: =SUM(H108:J108) -> 4581360 | M108: 44743 | N108: =+M108+30 -> 44773
A109: 4 | B109: OFICINA - ARRIENDO AGOSTO OFI 705 | C109: RUBIO DIAZ LUIS ENRIQUE | D109: 17063209 | E109: transversal 1 # 114 -23 -apto 304 | F109: BOGOTA | G109: 4581360 | H109: =+G109 -> 4581360 | K109: =SUM(H109:J109) -> 4581360 | M109: 44804 | N109: =+M109+30 -> 44834
A110: 5 | B110: OFICINA - ARRIENDO SEPTIEMBRE OFI 705 | C110: RUBIO DIAZ LUIS ENRIQUE | D110: 17063209 | E110: transversal 1 # 114 -23 -apto 304 | F110: BOGOTA | G110: 4581360 | H110: =+G110 -> 4581360 | K110: =SUM(H110:J110) -> 4581360 | M110: 44809 | N110: =+M110+30 -> 44839
A111: 6 | B111: OFICINA - ARRIENDO OCTUBRE OFI 705 | C111: RUBIO DIAZ LUIS ENRIQUE | D111: 17063209 | E111: transversal 1 # 114 -23 -apto 304 | F111: BOGOTA | G111: 4581360 | H111: =+G111 -> 4581360 | K111: =SUM(H111:J111) -> 4581360 | M111: 44837 | N111: =+M111+30 -> 44867
...

Sheet CAL Y GRA
C2: Promotora Apotema S.A. en reorganización / Proyecto de calificación y graduación de créditos con ajustes de audiencia de resolución de objeciones
C3: Clase | D3: Nit o Cédula de Ciudadanía | E3: Razón Social o Nombre del Acreedor | F3: Renglón | G3: Dirección de Notificación Acreedor | H3: Ciudad o Municipio de Notificación del Acreedor | I3: APODERADO/REPRESENTANTE | J3: Capital reconocido por Promotor | K3: Tasa de Interés Pactado | L3: Fecha de Inicio de la Obligación | M3: Fecha Vencimiento | N3: Capital en UVR´s | O3: Nombre o Razón social Codeudores - Fiadores o Avalistas | P3: Documento de Identidad o Nit -Codeudor - Fiadores o Avalistas | Q3: Dirección de Notificación Codeudor - Fiadores o Avalistas | R3: Ciudad o Municipio de Notificacion del Codeudor | S3: BIEN DADO EN GARANTIA (NINGUN ACREEDOR)
C4: CREDITOS DE PRIMERA CLASE
C5: PRIMERA CLASE - LABORALES | D5: 31889148 | E5: ALVAREZ VALDERRAMA ELEONORA | F5: NOMINA - SALARIOS X PAGAR | G5: transversal 1 # 114 -23 -apto 304 | H5: BOGOTA | J5: 119975368 | L5: 45168 | M5: 45168
F6: NOMINA - CESANTIAS CONSOLIDADAS | G6: transversal 1 # 114 -23 -apto 304 | H6: BOGOTA | J6: 19999960 | L6: 45046 | M6: 45076
F7: NOMINA - INTERESES CONSOLIDADAS | G7: transversal 1 # 114 -23 -apto 304 | H7: BOGOTA | J7: 2399995 | L7: 45046 | M7: =+L7+30 -> 45076
F8: NOMINA - PRIMA CONSOLIDADAS | G8: transversal 1 # 114-23 -apto 304 | H8: BOGOTA | J8: 4999980 | L8: 45046 | M8: =+L8 -> 45046
F9: NOMINA -VACACIONES CONSOLIDADAS | G9: transversal 1 # 114-23 -apto 304 | H9: BOGOTA | J9: 7846666 | L9: 45260 | M9: 45169
E10: Total ALVAREZ VALDERRAMA ELEONORA | F10: Total | J10: =SUM(J5:J9) -> 155221969
C12: PRIMERA CLASE - LABORALES | D12: 60392671 | E12: ARAMBULA YAÑEZ ERIKA TRINIDAD | F12: NOMINA - SALARIOS X PAGAR | G12: calle 115 # 11A -71 | H12: BOGOTA | J12: 1983333 | L12: 45046 | M12: =+L12+30 -> 45076
F13: NOMINA - CESANTIAS CONSOLIDADAS | G13: calle 115 # 11A -71 | H13: BOGOTA | J13: 8500000 | L13: 45047 | M13: =+L13+30 -> 45077
F14: NOMINA - INTERESES CONSOLIDADAS | G14: calle 115 # 11A -71 | H14: BOGOTA | J14: 100000 | L14: 45169 | M14: 45169
F15: NOMINA - PRIMA CONSOLIDADAS | G15: calle 115 # 11A -71 | H15: BOGOTA | J15: 986087 | L15: 45260 | M15: =+L15 -> 45260
F16: NOMINA -VACACIONES CONSOLIDADAS | G16: calle 115 # 11A -71 | H16: BOGOTA | J16: 1211666 | L16: 45260 | M16: =+L16+30 -> 45290
E17: Total ARAMBULA YAÑEZ ERIKA TRINIDAD | F17: Total | J17: =SUM(J12:J16) -> 12781086
C19: PRIMERA CLASE - LABORALES | D19: 51820263 | E19: BOLAÑOS ALVEAR ALBA LILIA | F19: NOMINA - SALARIOS X PAGAR | G19: albabolasanty@gmail.com | H19: BOGOTA | J19: 2423809 | L19: 45168 | M19: 45168
F20: NOMINA - CESANTIAS CONSOLIDADAS | G20: albabolasanty@gmail.com | H20: BOGOTA | J20: 1528333 | L20: 45169 | M20: 45169
F21: NOMINA - INTERESES CONSOLIDADAS | G21: albabolasanty@gmail.com | H21: BOGOTA | J21: 183400 | L21: 45046 | M21: =+L21+30 -> 45076
F22: NOMINA - PRIMA CONSOLIDADAS | G22: albabolasanty@gmail.com | H22: BOGOTA | J22: 1544444 | L22: 45046 | M22: =+L22 -> 45046
F23: NOMINA -VACACIONES CONSOLIDADAS | G23: albabolasanty@gmail.com | H23: BOGOTA | J23: 182358 | L23: 45260 | M23: 45169
E24: Total BOLAÑOS ALVEAR ALBA LILIA | F24: Total | J24: =SUM(J19:J23) -> 5862344
C26: PRIMERA CLASE - LABORALES | D26: 66847523 | E26: CALVO DIAZ CRISTINA ELIZABETH | F26: NOMINA - CESANTIAS CONSOLIDADAS | G26: Carrera 26G #83-25 - Cali | H26: BOGOTA | J26: 354000 | L26: 45046 | M26: =+L26+30 -> 45076
F27: NOMINA - SALARIO MARZO Y ABRIL DE 2023 | G27: Carrera 26G #83-25 - Cali | H27: BOGOTA | J27: 3908160 | L27: 45047 | M27: =+L27+30 -> 45077
F28: NOMINA - PRIMA CONSOLIDADAS | G28: Carrera 26G #83-25 - Cali | H28: BOGOTA | J28: 354000 | L28: 45046 | M28: =+L28 -> 45046
F29: NOMINA - COMISIONES LABORALES | G29: Carrera 26G #83-25 - Cali | J29: 758846 | M29: 45290
F30: NOMINA - INDEMNIZACION LABORAL | G30: Carrera 26G #83-25 - Cali | J30: 196667 | M30: 45290
F31: NOMINA -VACACIONES CONSOLIDADAS | G31: Carrera 26G #83-25 - Cali | H31: BOGOTA | J31: 491667 | L31: 45260 | M31: =+L31+30 -> 45290
E32: Total CALVO DIAZ CRISTINA ELIZABETH | F32: Total | J32: =SUM(J26:J31) -> 6063340
C34: PRIMERA CLASE - LABORALES | D34: 79625800 | E34: CARDENAS SACHICA ANDERSON JAIME | F34: NOMINA - SALARIOS X PAGAR | G34: ajcardenas72@gmail.com | H34: BOGOTA | J34: 123168687 | L34: 45169 | M34: 45169
F35: NOMINA - CESANTIAS CONSOLIDADAS | G35: ajcardenas72@gmail.com | H35: BOGOTA | J35: 12833292 | L35: 45169 | M35: 45169
F36: NOMINA - INTERESES CONSOLIDADAS | G36: ajcardenas72@gmail.com | H36: BOGOTA | J36: 1539995 | L36: 45169 | M36: 45169
F37: NOMINA - PRIMA CONSOLIDADAS | G37: ajcardenas72@gmail.com | H37: BOGOTA | J37: 12833292 | L37: 45260 | M37: =+L37 -> 45260
F38: NOMINA -VACACIONES CONSOLIDADAS | G38: ajcardenas72@gmail.com | H38: BOGOTA | J38: 23930001 | L38: 45260 | M38: 45169
E39: Total CARDENAS SACHICA ANDERSON JAIME | F39: Total | J39: =SUM(J34:J38) -> 174305267
C41: PRIMERA CLASE - LABORALES | D41: 34321896 | E41: CASTRO COBO DIANA MARIA | F41: NOMINA - CESANTIAS CONSOLIDADAS | G41: Calle 20 # 50A-18 Sur -jamundi | H41: BOGOTA | J41: 1049996 | L41: 45169 | M41: 45169
F42: NOMINA - INTERESES CONSOLIDADAS | G42: Calle 20 # 50A-18 Sur -jamundi | H42: BOGOTA | J42: 42000 | L42: 45046 | M42: =+L42+30 -> 45076
F43: NOMINA - PRIMA CONSOLIDADAS | G43: Calle 20 # 50A-18 Sur -jamundi | H43: BOGOTA | J43: 1049996 | L43: 45260 | M43: =+L43 -> 45260
F44: NOMINA -VACACIONES CONSOLIDADAS | G44: Calle 20 # 50A-18 Sur -jamundi | H44: BOGOTA | J44: 2519733 | L44: 45046 | M44: =+L44+30 -> 45076
E45: Total CASTRO COBO DIANA MARIA | F45: Total | J45: =SUM(J41:J44) -> 4661725
C47: PRIMERA CLASE - LABORALES | D47: 12131578 | E47: CERQUERA TAPIERO CESAR | F47: NOMINA - OTROS | G47: Calle 141 # 7-71-T2 -apto 1301 | H47: BOGOTA | J47: 5000000 | L47: 45290 | M47: =+L47 -> 45290
F48: NOMINA - SALARIOS X PAGAR | G48: Calle 141 # 7-71-T2 -apto 1301 | H48: BOGOTA | J48: 265223306 | L48: 45168 | M48: 45168
F49: NOMINA - CESANTIAS CONSOLIDADAS | G49: Calle 141 # 7-71-T2 -apto 1301 | H49: BOGOTA | J49: 21508256 | L49: 45126 | M49: =+L49+30 -> 45156
F50: NOMINA - INTERESES CONSOLIDADAS | G50: Calle 141 # 7-71-T2 -apto 1301 | H50: BOGOTA | J50: 2581000 | L50: 45046 | M50: =+L50+30 -> 45076
F51: NOMINA - PRIMA CONSOLIDADAS | G51: Calle 141 # 7-71-T2 -apto 1301 | H51: BOGOTA | J51: 21508256 | L51: 45046 | M51: =+L51 -> 45046
F52: NOMINA -VACACIONES CONSOLIDADAS | G52: Calle 141 # 7-71-T2 -apto 1301 | H52: BOGOTA | J52: 19702166 | L52: 45260 | M52: 45169
F53: BONO LABORAL POR VALOR DE $155,395,459 POR EL PERIODO EN EL QUE ESTUVO VINCULADO A LA COMPAÑÍA. | J53: 201199380
F54: INDEMNIZACION LABORAL | G54: CALLE 141 7 71 T2 APTO 1301 | H54: BOGOTA | J54: 22394444 | L54: 45016 | M54: =+L54+30 -> 45046
E55: Total CERQUERA TAPIERO CESAR | F55: Total | J55: =SUM(J47:J54) -> 559116808
C57: PRIMERA CLASE - LABORALES | D57: 11381077 | E57: DIAZ RAMIREZ JOSE ARMANDO | F57: NOMINA - OTROS | G57: armadiaz28@yahoo.com | H57: BOGOTA | J57: 4452000 | L57: 45260 | M57: =+L57 -> 45260
F58: NOMINA - SALARIOS X PAGAR | G58: armadiaz28@yahoo.com | H58: BOGOTA | J58: 17562467 | L58: 45168 | M58: 45168
F59: NOMINA -VACACIONES CONSOLIDADAS | G59: armadiaz28@yahoo.com | H59: BOGOTA | J59: 23800000 | L59: 45260 | M59: 45169
E60: Total DIAZ RAMIREZ JOSE ARMANDO | F60: Total | J60: =SUM(J57:J59) -> 45814467
C62: PRIMERA CLASE - LABORALES | D62: 19447971 | E62: DIAZ SALAZAR JUAN JOSE | F62: NOMINA - SALARIOS X PAGAR | G62: Carrera 71 # 120-47 -apto 201 | H62: BOGOTA | J62: 24000000 | L62: 45168 | M62: =+L62 -> 45168
F63: LIQUIDACION CONTRATO DE TRABAJO | J63: 17330000
E64: Total DIAZ SALAZAR JUAN JOSE | F64: Total | J64: =SUM(J62:J63) -> 41330000
C66: PRIMERA CLASE - LABORALES | D66: 79916405 | E66: GAMEZ BOHORQUEZ FABIO ORLANDO | F66: NOMINA - OTROS | G66: CALLE 93A 14 17 | H66: BOGOTA | J66: 760000 | L66: 42198 | M66: 42198
C68: PRIMERA CLASE - LABORALES | D68: 53103525 | E68: GARCIA JIMENEZ MARIA ALEJANDRA | F68: NOMINA - CESANTIAS CONSOLIDADAS | G68: magarciajimenez@yahoo.com | H68: BOGOTA | J68: 1618162 | L68: 45169 | M68: 45169
F69: NOMINA - INTERESES CONSOLIDADAS | G69: magarciajimenez@yahoo.com | H69: BOGOTA | J69: 80907 | L69: 45046 | M69: =+L69+30 -> 45076
F70: NOMINA -VACACIONES CONSOLIDADAS | G70: magarciajimenez@yahoo.com | H70: BOGOTA | J70: 2707915 | L70: 45077 | M70: =+L70+30 -> 45107
E71: Total GARCIA JIMENEZ MARIA ALEJANDRA | F71: Total | J71: =SUM(J68:J70) -> 4406984
C73: PRIMERA CLASE - LABORALES | D73: 79505782 | E73: GARCIA MEDINA JORGE ENRIQUE | F73: NOMINA - SALARIOS X PAGAR | G73: jgarciam69@hotmail.com | H73: BOGOTA | J73: 79282000 | L73: 45168 | M73: 45168
F74: NOMINA - CESANTIAS CONSOLIDADAS | G74: jgarciam69@hotmail.com | H74: BOGOTA | J74: 8750000 | L74: 45169 | M74: 45169
F75: NOMINA - INTERESES CONSOLIDADAS | G75: jgarciam69@hotmail.com | H75: BOGOTA | J75: 1050000 | L75: 45046 | M75: =+L75+30 -> 45076
F76: NOMINA - PRIMA CONSOLIDADAS | G76: jgarciam69@hotmail.com | H76: BOGOTA | J76: 8750000 | L76: 45260 | M76: =+L76 -> 45260
F77: NOMINA -VACACIONES CONSOLIDADAS | G77: jgarciam69@hotmail.com | H77: BOGOTA | J77: 3500000 | L77: 45260 | M77: =+L77+30 -> 45290
E78: Total GARCIA MEDINA JORGE ENRIQUE | F78: Total | J78: =SUM(J73:J77) -> 101332000
C80: PRIMERA CLASE - LABORALES | D80: 14635390 | E80: GIRALDO RODRIGUEZ JOSE JACOB | F80: NOMINA - CESANTIAS CONSOLIDADAS | G80: carrera 85A # 48A-28 - Cali/danielachk12@gmail.com | H80: BOGOTA | J80: 649996 | L80: 45167 | M80: 45167
F81: NOMINA - INTERESES CONSOLIDADAS | G81: carrera 85A # 48A-28 - Cali | H81: BOGOTA | J81: 27666 | L81: 45169 | M81: 45169
F82: NOMINA - PRIMA CONSOLIDADAS | G82: carrera 85A # 48A-28 - Cali | H82: BOGOTA | J82: 649997 | L82: 45138 | M82: =+L82 -> 45138
F83: NOMINA -VACACIONES CONSOLIDADAS | G83: carrera 85A # 48A-28 - Cali | H83: BOGOTA | J83: 470273 | L83: 45046 | M83: =+L83+30 -> 45076
E84: Total GIRALDO RODRIGUEZ JOSE JACOB | F84: Total | J84: =SUM(J80:J83) -> 1797932
C86: PRIMERA CLASE - LABORALES | D86: 39537878 | E86: HERNANDEZ LOPEZ NATIVIDAD | F86: NOMINA - SALARIOS X PAGAR | G86: Carrera 71A # 63A-27 | H86: BOGOTA | J86: 347002 | L86: 45046 | M86: =+L86+30 -> 45076
F87: NOMINA - CESANTIAS CONSOLIDADAS | G87: Carrera 71A # 63A-27 | H87: BOGOTA | J87: 328664 | L87: 45046 | M87: =+L87+30 -> 45076
F88: NOMINA - INTERESES CONSOLIDADAS | G88: Carrera 71A # 63A-27 | H88: BOGOTA | J88: 158226 | L88: 45169 | M88: 45169
F89: NOMINA - PRIMA CONSOLIDADAS | G89: Carrera 71A # 63A-27 | H89: BOGOTA | J89: 328665 | L89: 45260 | M89: =+L89 -> 45260
F90: NOMINA -VACACIONES CONSOLIDADAS | G90: Carrera 71A # 63A-27 | H90: BOGOTA | J90: 205578 | L90: 45046 | M90: =+L90+30 -> 45076
E91: Total HERNANDEZ LOPEZ NATIVIDAD | F91: Total | J91: =SUM(J86:J90) -> 1368135
C93: PRIMERA CLASE - LABORALES | D93: 23561072 | E93: MORA SANDOVAL ANA LUCIA | F93: NOMINA - OTROS | G93: Carrera 101 # 70-40 -T2-apto. 511 | H93: BOGOTA | J93: 800000 | L93: 45046 | M93: =+L93+30 -> 45076
F94: NOMINA - CESANTIAS CONSOLIDADAS | G94: Carrera 101 # 70-40 -T2-apto. 511 | H94: BOGOTA | J94: 6972214 | L94: 45046 | M94: =+L94+30 -> 45076
F95: NOMINA - INTERESES CONSOLIDADAS | G95: Carrera 101 # 70-40 -T2-apto. 511 | H95: BOGOTA | J95: 718333 | L95: 45077 | M95: =+L95+30 -> 45107
F96: NOMINA - PRIMA CONSOLIDADAS | G96: Carrera 101 # 70-40 -T2-apto. 511 | H96: BOGOTA | J96: 1972214 | L96: 45046 | M96: =+L96 -> 45046
F97: NOMINA -VACACIONES CONSOLIDADAS | G97: Carrera 101 # 70-40 -T2-apto. 511 | H97: BOGOTA | J97: 5385499 | L97: 45107 | M97: =+L97+30 -> 45137
E98: Total MORA SANDOVAL ANA LUCIA | F98: Total | J98: =SUM(J93:J97) -> 15848260
C100: PRIMERA CLASE - LABORALES | D100: 25279034 | E100: MUÑOZ MUÑOZ CLAUDIA JULIETH | F100: NOMINA - SALARIOS X PAGAR | G100: CALLE 93A 14 17 / klaudiamunozmunoz@gmail.com | H100: BOGOTA | J100: 8592000 | L100: 45046 | M100: =+L100+30 -> 45076
F101: NOMINA - CESANTIAS CONSOLIDADAS | J101: 1866667
F102: NOMINA - INTERESES CONSOLIDADAS | J102: 224000
F103: NOMINA - PRIMA CONSOLIDADAS | J103: 1866667
F104: NOMINA -VACACIONES CONSOLIDADAS | J104: 933333
E105: Total MUÑOZ MUÑOZ CLAUDIA JULIETH | F105: Total | J105: =SUM(J100:J104) -> 13482667
C107: PRIMERA CLASE - LABORALES | D107: 80419770 | E107: ORTIZ RODRIGUEZ CARLOS ANTONIO (LO RELACIONADO CON EL PROCESO SE REVELA COMO CREDITO LITIGIOSO) | F107: NOMINA - SALARIOS X PAGAR | G107: caor357@outlook.com | H107: BOGOTA | J107: 55193139 | L107: 45046 | M107: =+L107+30 -> 45076
F108: NOMINA - CESANTIAS CONSOLIDADAS | G108: caor357@outlook.com | H108: BOGOTA | J108: 13333320 | L108: 45169 | M108: 45169
F109: NOMINA - INTERESES CONSOLIDADAS | G109: caor357@outlook.com | H109: BOGOTA | J109: 1333333 | L109: 45046 | M109: =+L109+30 -> 45076
F110: NOMINA - PRIMA CONSOLIDADAS | G110: caor357@outlook.com | H110: BOGOTA | J110: 3333320 | L110: 45046 | M110: =+L110 -> 45046
F111: NOMINA -VACACIONES CONSOLIDADAS | G111: caor357@outlook.com | H111: BOGOTA | J111: 10726666 | L111: 45046 | M111: =+L111+30 -> 45076
E112: Total ORTIZ RODRIGUEZ CARLOS ANTONIO | F112: Total | J112: =SUM(J107:J111) -> 83919778
C114: PRIMERA CLASE - LABORALES | D114: 1026305282 | E114: PACHON CAMARGO CESAR ALEJANDRO | F114: NOMINA - SALARIOS X PAGAR | G114: Carrera 27 # 48-80 Sur. | H114: BOGOTA | J114: 1512728 | L114: 45046 | M114: =+L114+30 -> 45076
F115: NOMINA - CESANTIAS CONSOLIDADAS | G115: Carrera 27 # 48-80 Sur. | H115: BOGOTA | J115: 738458 | L115: 45046 | M115: =+L115+30 -> 45076
F116: NOMINA - INTERESES CONSOLIDADAS | G116: Carrera 27 # 48-80 Sur. | H116: BOGOTA | J116: 24000 | L116: 45046 | M116: =+L116+30 -> 45076
F117: NOMINA - PRIMA CONSOLIDADAS | G117: Carrera 27 # 48-80 Sur. | H117: BOGOTA | J117: 599996 | L117: 45260 | M117: =+L117 -> 45260
F118: NOMINA -VACACIONES CONSOLIDADAS | G118: Carrera 27 # 48-80 Sur. | H118: BOGOTA | J118: 433696 | L118: 45046 | M118: =+L118+30 -> 45076
...

Sheet VOTOS def
C2: Promotora Apotema S.A. en reorganización / Asignación de derechos de voto | R2: 1
C3: Clase | D3: Nit o Cédula de Ciudadanía | E3: Razón Social o Nombre del Acreedor | F3: Renglón | G3: Dirección de Notificación Acreedor | H3: Ciudad o Municipio de Notificación del Acreedor | I3: APODERADO/REPRESENTANTE | J3: Capital reconocido por Promotor | K3: Tasa de Interés Pactado | L3: Fecha de Inicio de la Obligación | M3: Fecha Vencimiento | N3: Saldo capital vencido | O3: Año inicial | P3: Capital actualizado con IPC | R3: Derechos de Voto | S3: Vinculación | T3: Capital en UVR´s | U3: Nombre o Razón social Codeudores - Fiadores o Avalistas | V3: Documento de Identidad o Nit -Codeudor - Fiadores o Avalistas | W3: Dirección de Notificación Codeudor - Fiadores o Avalistas | X3: Ciudad o Municipio de Notificacion del Codeudor | Y3: BIEN DADO EN GARANTIA (NINGUN ACREEDOR)
B5: ACREEDORES LABORALES | C5: PRIMERA CLASE - LABORALES | D5: 31889148 | E5: ALVAREZ VALDERRAMA ELEONORA | F5: NOMINA - SALARIOS X PAGAR | G5: transversal 1 # 114 -23 -apto 304 | H5: BOGOTA | J5: 119975368 | L5: 45168 | M5: 45168 | N5: =+J5 -> 119975368 | O5: 2023 | P5: =N5*VLOOKUP(O5,IPC_2024!$A:$C,3,FALSE) -> 1.2621409e+08 | R5: =IF(Q5="TOTAL",P5/$P$1153,"")
F6: NOMINA - CESANTIAS CONSOLIDADAS | G6: transversal 1 # 114 -23 -apto 304 | H6: BOGOTA | J6: 19999960 | L6: 45046 | M6: 45076 | N6: =+J6 -> 19999960 | O6: 2023 | P6: =N6*VLOOKUP(O6,IPC_2024!$A:$C,3,FALSE) -> 21039958 | R6: =IF(Q6="TOTAL",P6/$P$1153,"")
F7: NOMINA - INTERESES CONSOLIDADAS | G7: transversal 1 # 114 -23 -apto 304 | H7: BOGOTA | J7: 2399995 | L7: 45046 | M7: =+L7+30 -> 45076 | N7: =+J7 -> 2399995 | O7: 2023 | P7: =N7*VLOOKUP(O7,IPC_2024!$A:$C,3,FALSE) -> 2524794.7 | R7: =IF(Q7="TOTAL",P7/$P$1153,"")
F8: NOMINA - PRIMA CONSOLIDADAS | G8: transversal 1 # 114-23 -apto 304 | H8: BOGOTA | J8: 4999980 | L8: 45046 | M8: =+L8 -> 45046 | N8: =+J8 -> 4999980 | O8: 2023 | P8: =N8*VLOOKUP(O8,IPC_2024!$A:$C,3,FALSE) -> 5259979 | R8: =IF(Q8="TOTAL",P8/$P$1153,"")
F9: NOMINA -VACACIONES CONSOLIDADAS | G9: transversal 1 # 114-23 -apto 304 | H9: BOGOTA | J9: 7846666 | L9: 45260 | M9: 45169 | N9: =+J9 -> 7846666 | O9: 2023 | P9: =N9*VLOOKUP(O9,IPC_2024!$A:$C,3,FALSE) -> 8254692.6 | R9: =IF(Q9="TOTAL",P9/$P$1153,"")
E10: Total ALVAREZ VALDERRAMA ELEONORA | F10: Total | J10: =SUM(J5:J9) -> 155221969 | N10: =SUM(N5:N9) -> 155221969 | P10: =SUM(P5:P9) -> 1.6329351e+08 | Q10: TOTAL | R10: =IF(Q10="TOTAL",P10/$P$1153,"") -> 0.0024512103 | S10: VINCULADA
R11: =IF(Q11="TOTAL",P11/$P$1153,"")
C12: PRIMERA CLASE - LABORALES | D12: 60392671 | E12: ARAMBULA YAÑEZ ERIKA TRINIDAD | F12: NOMINA - SALARIOS X PAGAR | G12: calle 115 # 11A -71 | H12: BOGOTA | J12: 1983333 | L12: 45046 | M12: =+L12+30 -> 45076 | N12: =+J12 -> 1983333 | O12: 2023 | P12: =N12*VLOOKUP(O12,IPC_2024!$A:$C,3,FALSE) -> 2086466.3 | R12: =IF(Q12="TOTAL",P12/$P$1153,"")
F13: NOMINA - CESANTIAS CONSOLIDADAS | G13: calle 115 # 11A -71 | H13: BOGOTA | J13: 8500000 | L13: 45047 | M13: =+L13+30 -> 45077 | N13: =+J13 -> 8500000 | O13: 2023 | P13: =N13*VLOOKUP(O13,IPC_2024!$A:$C,3,FALSE) -> 8942000 | R13: =IF(Q13="TOTAL",P13/$P$1153,"")
F14: NOMINA - INTERESES CONSOLIDADAS | G14: calle 115 # 11A -71 | H14: BOGOTA | J14: 100000 | L14: 45169 | M14: 45169 | N14: =+J14 -> 100000 | O14: 2023 | P14: =N14*VLOOKUP(O14,IPC_2024!$A:$C,3,FALSE) -> 105200 | R14: =IF(Q14="TOTAL",P14/$P$1153,"")
F15: NOMINA - PRIMA CONSOLIDADAS | G15: calle 115 # 11A -71 | H15: BOGOTA | J15: 986087 | L15: 45260 | M15: =+L15 -> 45260 | N15: =+J15 -> 986087 | O15: 2023 | P15: =N15*VLOOKUP(O15,IPC_2024!$A:$C,3,FALSE) -> 1037363.5 | R15: =IF(Q15="TOTAL",P15/$P$1153,"")
F16: NOMINA -VACACIONES CONSOLIDADAS | G16: calle 115 # 11A -71 | H16: BOGOTA | J16: 1211666 | L16: 45260 | M16: =+L16+30 -> 45290 | N16: =+J16 -> 1211666 | O16: 2023 | P16: =N16*VLOOKUP(O16,IPC_2024!$A:$C,3,FALSE) -> 1274672.6 | R16: =IF(Q16="TOTAL",P16/$P$1153,"")
E17: Total ARAMBULA YAÑEZ ERIKA TRINIDAD | F17: Total | J17: =SUM(J12:J16) -> 12781086 | N17: =SUM(N12:N16) -> 12781086 | P17: =SUM(P12:P16) -> 13445702 | Q17: TOTAL | R17: =IF(Q17="TOTAL",P17/$P$1153,"") -> 0.00020183438
R18: =IF(Q18="TOTAL",P18/$P$1153,"")
C19: PRIMERA CLASE - LABORALES | D19: 51820263 | E19: BOLAÑOS ALVEAR ALBA LILIA | F19: NOMINA - SALARIOS X PAGAR | G19: albabolasanty@gmail.com | H19: BOGOTA | J19: 2423809 | L19: 45168 | M19: 45168 | N19: =+J19 -> 2423809 | O19: 2023 | P19: =N19*VLOOKUP(O19,IPC_2024!$A:$C,3,FALSE) -> 2549847.1 | R19: =IF(Q19="TOTAL",P19/$P$1153,"")
F20: NOMINA - CESANTIAS CONSOLIDADAS | G20: albabolasanty@gmail.com | H20: BOGOTA | J20: 1528333 | L20: 45169 | M20: 45169 | N20: =+J20 -> 1528333 | O20: 2023 | P20: =N20*VLOOKUP(O20,IPC_2024!$A:$C,3,FALSE) -> 1607806.3 | R20: =IF(Q20="TOTAL",P20/$P$1153,"")
F21: NOMINA - INTERESES CONSOLIDADAS | G21: albabolasanty@gmail.com | H21: BOGOTA | J21: 183400 | L21: 45046 | M21: =+L21+30 -> 45076 | N21: =+J21 -> 183400 | O21: 2023 | P21: =N21*VLOOKUP(O21,IPC_2024!$A:$C,3,FALSE) -> 192936.8 | R21: =IF(Q21="TOTAL",P21/$P$1153,"")
F22: NOMINA - PRIMA CONSOLIDADAS | G22: albabolasanty@gmail.com | H22: BOGOTA | J22: 1544444 | L22: 45046 | M22: =+L22 -> 45046 | N22: =+J22 -> 1544444 | O22: 2023 | P22: =N22*VLOOKUP(O22,IPC_2024!$A:$C,3,FALSE) -> 1624755.1 | R22: =IF(Q22="TOTAL",P22/$P$1153,"")
F23: NOMINA -VACACIONES CONSOLIDADAS | G23: albabolasanty@gmail.com | H23: BOGOTA | J23: 182358 | L23: 45260 | M23: 45169 | N23: =+J23 -> 182358 | O23: 2023 | P23: =N23*VLOOKUP(O23,IPC_2024!$A:$C,3,FALSE) -> 191840.62 | R23: =IF(Q23="TOTAL",P23/$P$1153,"")
E24: Total BOLAÑOS ALVEAR ALBA LILIA | F24: Total | J24: =SUM(J19:J23) -> 5862344 | N24: =SUM(N19:N23) -> 5862344 | P24: =SUM(P19:P23) -> 6167185.9 | Q24: TOTAL | R24: =IF(Q24="TOTAL",P24/$P$1153,"") -> 9.2576059e-05
R25: =IF(Q25="TOTAL",P25/$P$1153,"")
C26: PRIMERA CLASE - LABORALES | D26: 66847523 | E26: CALVO DIAZ CRISTINA ELIZABETH | F26: NOMINA - CESANTIAS CONSOLIDADAS | G26: Carrera 26G #83-25 - Cali | H26: BOGOTA | J26: 354000 | L26: 45046 | M26: =+L26+30 -> 45076 | N26: =+J26 -> 354000 | O26: 2023 | P26: =N26*VLOOKUP(O26,IPC_2024!$A:$C,3,FALSE) -> 372408 | R26: =IF(Q26="TOTAL",P26/$P$1153,"")
F27: NOMINA - SALARIO MARZO Y ABRIL DE 2023 | G27: Carrera 26G #83-25 - Cali | H27: BOGOTA | J27: 3908160 | L27: 45047 | M27: =+L27+30 -> 45077 | N27: =+J27 -> 3908160 | O27: 2023 | P27: =N27*VLOOKUP(O27,IPC_2024!$A:$C,3,FALSE) -> 4111384.3 | R27: =IF(Q27="TOTAL",P27/$P$1153,"")
F28: NOMINA - PRIMA CONSOLIDADAS | G28: Carrera 26G #83-25 - Cali | H28: BOGOTA | J28: 354000 | L28: 45046 | M28: =+L28 -> 45046 | N28: =+J28 -> 354000 | O28: 2023 | P28: =N28*VLOOKUP(O28,IPC_2024!$A:$C,3,FALSE) -> 372408 | R28: =IF(Q28="TOTAL",P28/$P$1153,"")
F29: NOMINA - COMISIONES LABORALES | G29: Carrera 26G #83-25 - Cali | J29: 758846 | M29: 45290 | N29: =+J29 -> 758846 | O29: 2023 | P29: =N29*VLOOKUP(O29,IPC_2024!$A:$C,3,FALSE) -> 798305.99 | R29: =IF(Q29="TOTAL",P29/$P$1153,"")
F30: NOMINA - INDEMNIZACION LABORAL | G30: Carrera 26G #83-25 - Cali | J30: 196667 | M30: 45290 | N30: =+J30 -> 196667 | O30: 2023 | P30: =N30*VLOOKUP(O30,IPC_2024!$A:$C,3,FALSE) -> 206893.68 | R30: =IF(Q30="TOTAL",P30/$P$1153,"")
F31: NOMINA -VACACIONES CONSOLIDADAS | G31: Carrera 26G #83-25 - Cali | H31: BOGOTA | J31: 491667 | L31: 45260 | M31: =+L31+30 -> 45290 | N31: =+J31 -> 491667 | O31: 2023 | P31: =N31*VLOOKUP(O31,IPC_2024!$A:$C,3,FALSE) -> 517233.68 | R31: =IF(Q31="TOTAL",P31/$P$1153,"")
E32: Total CALVO DIAZ CRISTINA ELIZABETH | F32: Total | J32: =SUM(J26:J31) -> 6063340 | N32: =SUM(N26:N31) -> 6063340 | P32: =SUM(P26:P31) -> 6378633.7 | Q32: TOTAL | R32: =IF(Q32="TOTAL",P32/$P$1153,"") -> 9.5750116e-05
R33: =IF(Q33="TOTAL",P33/$P$1153,"")
C34: PRIMERA CLASE - LABORALES | D34: 79625800 | E34: CARDENAS SACHICA ANDERSON JAIME | F34: NOMINA - SALARIOS X PAGAR | G34: ajcardenas72@gmail.com | H34: BOGOTA | J34: 123168687 | L34: 45169 | M34: 45169 | N34: =+J34 -> 123168687 | O34: 2023 | P34: =N34*VLOOKUP(O34,IPC_2024!$A:$C,3,FALSE) -> 1.2957346e+08 | R34: =IF(Q34="TOTAL",P34/$P$1153,"")
F35: NOMINA - CESANTIAS CONSOLIDADAS | G35: ajcardenas72@gmail.com | H35: BOGOTA | J35: 12833292 | L35: 45169 | M35: 45169 | N35: =+J35 -> 12833292 | O35: 2023 | P35: =N35*VLOOKUP(O35,IPC_2024!$A:$C,3,FALSE) -> 13500623 | R35: =IF(Q35="TOTAL",P35/$P$1153,"")
F36: NOMINA - INTERESES CONSOLIDADAS | G36: ajcardenas72@gmail.com | H36: BOGOTA | J36: 1539995 | L36: 45169 | M36: 45169 | N36: =+J36 -> 1539995 | O36: 2023 | P36: =N36*VLOOKUP(O36,IPC_2024!$A:$C,3,FALSE) -> 1620074.7 | R36: =IF(Q36="TOTAL",P36/$P$1153,"")
F37: NOMINA - PRIMA CONSOLIDADAS | G37: ajcardenas72@gmail.com | H37: BOGOTA | J37: 12833292 | L37: 45260 | M37: =+L37 -> 45260 | N37: =+J37 -> 12833292 | O37: 2023 | P37: =N37*VLOOKUP(O37,IPC_2024!$A:$C,3,FALSE) -> 13500623 | R37: =IF(Q37="TOTAL",P37/$P$1153,"")
F38: NOMINA -VACACIONES CONSOLIDADAS | G38: ajcardenas72@gmail.com | H38: BOGOTA | J38: 23930001 | L38: 45260 | M38: 45169 | N38: =+J38 -> 23930001 | O38: 2023 | P38: =N38*VLOOKUP(O38,IPC_2024!$A:$C,3,FALSE) -> 25174361 | R38: =IF(Q38="TOTAL",P38/$P$1153,"")
E39: Total CARDENAS SACHICA ANDERSON JAIME | F39: Total | J39: =SUM(J34:J38) -> 174305267 | N39: =SUM(N34:N38) -> 174305267 | P39: =SUM(P34:P38) -> 1.8336914e+08 | Q39: TOTAL | R39: =IF(Q39="TOTAL",P39/$P$1153,"") -> 0.002752567 | S39: VINCULADO
R40: =IF(Q40="TOTAL",P40/$P$1153,"")
C41: PRIMERA CLASE - LABORALES | D41: 34321896 | E41: CASTRO COBO DIANA MARIA | F41: NOMINA - CESANTIAS CONSOLIDADAS | G41: Calle 20 # 50A-18 Sur -jamundi | H41: BOGOTA | J41: 1049996 | L41: 45169 | M41: 45169 | N41: =+J41 -> 1049996 | O41: 2023 | P41: =N41*VLOOKUP(O41,IPC_2024!$A:$C,3,FALSE) -> 1104595.8 | R41: =IF(Q41="TOTAL",P41/$P$1153,"")
F42: NOMINA - INTERESES CONSOLIDADAS | G42: Calle 20 # 50A-18 Sur -jamundi | H42: BOGOTA | J42: 42000 | L42: 45046 | M42: =+L42+30 -> 45076 | N42: =+J42 -> 42000 | O42: 2023 | P42: =N42*VLOOKUP(O42,IPC_2024!$A:$C,3,FALSE) -> 44184 | R42: =IF(Q42="TOTAL",P42/$P$1153,"")
F43: NOMINA - PRIMA CONSOLIDADAS | G43: Calle 20 # 50A-18 Sur -jamundi | H43: BOGOTA | J43: 1049996 | L43: 45260 | M43: =+L43 -> 45260 | N43: =+J43 -> 1049996 | O43: 2023 | P43: =N43*VLOOKUP(O43,IPC_2024!$A:$C,3,FALSE) -> 1104595.8 | R43: =IF(Q43="TOTAL",P43/$P$1153,"")
F44: NOMINA -VACACIONES CONSOLIDADAS | G44: Calle 20 # 50A-18 Sur -jamundi | H44: BOGOTA | J44: 2519733 | L44: 45046 | M44: =+L44+30 -> 45076 | N44: =+J44 -> 2519733 | O44: 2023 | P44: =N44*VLOOKUP(O44,IPC_2024!$A:$C,3,FALSE) -> 2650759.1 | R44: =IF(Q44="TOTAL",P44/$P$1153,"")
E45: Total CASTRO COBO DIANA MARIA | F45: Total | J45: =SUM(J41:J44) -> 4661725 | N45: =SUM(N41:N44) -> 4661725 | P45: =SUM(P41:P44) -> 4904134.7 | Q45: TOTAL | R45: =IF(Q45="TOTAL",P45/$P$1153,"") -> 7.3616309e-05
R46: =IF(Q46="TOTAL",P46/$P$1153,"")
C47: PRIMERA CLASE - LABORALES | D47: 12131578 | E47: CERQUERA TAPIERO CESAR | F47: NOMINA - OTROS | G47: Calle 141 # 7-71-T2 -apto 1301 | H47: BOGOTA | J47: 5000000 | L47: 45290 | M47: =+L47 -> 45290 | N47: =+J47 -> 5000000 | O47: 2023 | P47: =N47*VLOOKUP(O47,IPC_2024!$A:$C,3,FALSE) -> 5260000 | R47: =IF(Q47="TOTAL",P47/$P$1153,"")
F48: NOMINA - SALARIOS X PAGAR | G48: Calle 141 # 7-71-T2 -apto 1301 | H48: BOGOTA | J48: 265223306 | L48: 45168 | M48: 45168 | N48: =+J48 -> 265223306 | O48: 2023 | P48: =N48*VLOOKUP(O48,IPC_2024!$A:$C,3,FALSE) -> 2.7901492e+08 | R48: =IF(Q48="TOTAL",P48/$P$1153,"")
F49: NOMINA - CESANTIAS CONSOLIDADAS | G49: Calle 141 # 7-71-T2 -apto 1301 | H49: BOGOTA | J49: 21508256 | L49: 45126 | M49: =+L49+30 -> 45156 | N49: =+J49 -> 21508256 | O49: 2023 | P49: =N49*VLOOKUP(O49,IPC_2024!$A:$C,3,FALSE) -> 22626685 | R49: =IF(Q49="TOTAL",P49/$P$1153,"")
F50: NOMINA - INTERESES CONSOLIDADAS | G50: Calle 141 # 7-71-T2 -apto 1301 | H50: BOGOTA | J50: 2581000 | L50: 45046 | M50: =+L50+30 -> 45076 | N50: =+J50 -> 2581000 | O50: 2023 | P50: =N50*VLOOKUP(O50,IPC_2024!$A:$C,3,FALSE) -> 2715212 | R50: =IF(Q50="TOTAL",P50/$P$1153,"")
F51: NOMINA - PRIMA CONSOLIDADAS | G51: Calle 141 # 7-71-T2 -apto 1301 | H51: BOGOTA | J51: 21508256 | L51: 45046 | M51: =+L51 -> 45046 | N51: =+J51 -> 21508256 | O51: 2023 | P51: =N51*VLOOKUP(O51,IPC_2024!$A:$C,3,FALSE) -> 22626685 | R51: =IF(Q51="TOTAL",P51/$P$1153,"")
F52: NOMINA -VACACIONES CONSOLIDADAS | G52: Calle 141 # 7-71-T2 -apto 1301 | H52: BOGOTA | J52: 19702166 | L52: 45260 | M52: 45169 | N52: =+J52 -> 19702166 | O52: 2023 | P52: =N52*VLOOKUP(O52,IPC_2024!$A:$C,3,FALSE) -> 20726679 | R52: =IF(Q52="TOTAL",P52/$P$1153,"")
F53: BONO LABORAL POR VALOR DE $155,395,459 POR EL PERIODO EN EL QUE ESTUVO VINCULADO A LA COMPAÑÍA. | J53: 201199380 | N53: =+J53 -> 201199380 | O53: 2023 | P53: =N53*VLOOKUP(O53,IPC_2024!$A:$C,3,FALSE) -> 2.1166175e+08 | R53: =IF(Q53="TOTAL",P53/$P$1153,"")
F54: INDEMNIZACION LABORAL | G54: CALLE 141 7 71 T2 APTO 1301 | H54: BOGOTA | J54: 22394444 | L54: 45016 | M54: =+L54+30 -> 45046 | N54: =+J54 -> 22394444 | O54: 2023 | P54: =N54*VLOOKUP(O54,IPC_2024!$A:$C,3,FALSE) -> 23558955 | R54: =IF(Q54="TOTAL",P54/$P$1153,"")
E55: Total CERQUERA TAPIERO CESAR | F55: Total | J55: =SUM(J47:J54) -> 559116808 | N55: =SUM(N47:N54) -> 559116808 | P55: =SUM(P47:P54) -> 5.8819088e+08 | Q55: TOTAL | R55: =IF(Q55="TOTAL",P55/$P$1153,"") -> 0.0088293745
R56: =IF(Q56="TOTAL",P56/$P$1153,"")
C57: PRIMERA CLASE - LABORALES | D57: 11381077 | E57: DIAZ RAMIREZ JOSE ARMANDO | F57: NOMINA - OTROS | G57: armadiaz28@yahoo.com | H57: BOGOTA | J57: 4452000 | L57: 45260 | M57: =+L57 -> 45260 | N57: =+J57 -> 4452000 | O57: 2023 | P57: =N57*VLOOKUP(O57,IPC_2024!$A:$C,3,FALSE) -> 4683504 | R57: =IF(Q57="TOTAL",P57/$P$1153,"")
F58: NOMINA - SALARIOS X PAGAR | G58: armadiaz28@yahoo.com | H58: BOGOTA | J58: 17562467 | L58: 45168 | M58: 45168 | N58: =+J58 -> 17562467 | O58: 2023 | P58: =N58*VLOOKUP(O58,IPC_2024!$A:$C,3,FALSE) -> 18475715 | R58: =IF(Q58="TOTAL",P58/$P$1153,"")
F59: NOMINA -VACACIONES CONSOLIDADAS | G59: armadiaz28@yahoo.com | H59: BOGOTA | J59: 23800000 | L59: 45260 | M59: 45169 | N59: =+J59 -> 23800000 | O59: 2023 | P59: =N59*VLOOKUP(O59,IPC_2024!$A:$C,3,FALSE) -> 25037600 | R59: =IF(Q59="TOTAL",P59/$P$1153,"")
E60: Total DIAZ RAMIREZ JOSE ARMANDO | F60: Total | J60: =SUM(J57:J59) -> 45814467 | N60: =SUM(N57:N59) -> 45814467 | P60: =SUM(P57:P59) -> 48196819 | Q60: TOTAL | R60: =IF(Q60="TOTAL",P60/$P$1153,"") -> 0.00072348582
R61: =IF(Q61="TOTAL",P61/$P$1153,"")
C62: PRIMERA CLASE - LABORALES | D62: 19447971 | E62: DIAZ SALAZAR JUAN JOSE | F62: NOMINA - SALARIOS X PAGAR | G62: Carrera 71 # 120-47 -apto 201 | H62: BOGOTA | J62: 24000000 | L62: 45168 | M62: =+L62 -> 45168 | N62: =+J62 -> 24000000 | O62: 2023 | P62: =N62*VLOOKUP(O62,IPC_2024!$A:$C,3,FALSE) -> 25248000 | R62: =IF(Q62="TOTAL",P62/$P$1153,"")
F63: LIQUIDACION CONTRATO DE TRABAJO | J63: 17330000 | N63: =+J63 -> 17330000 | O63: 2023 | P63: =N63*VLOOKUP(O63,IPC_2024!$A:$C,3,FALSE) -> 18231160 | R63: =IF(Q63="TOTAL",P63/$P$1153,"")
E64: Total DIAZ SALAZAR JUAN JOSE | F64: Total | J64: =SUM(J62:J63) -> 41330000 | N64: =SUM(N62:N63) -> 41330000 | P64: =SUM(P62:P63) -> 43479160 | Q64: TOTAL | R64: =IF(Q64="TOTAL",P64/$P$1153,"") -> 0.00065266871
R65: =IF(Q65="TOTAL",P65/$P$1153,"")
C66: PRIMERA CLASE - LABORALES | D66: 79916405 | E66: GAMEZ BOHORQUEZ FABIO ORLANDO | F66: NOMINA - OTROS | G66: CALLE 93A 14 17 | H66: BOGOTA | J66: 760000 | L66: 42198 | M66: 42198 | N66: =+J66 -> 760000 | O66: 2015 | P66: =N66*VLOOKUP(O66,IPC_2024!$A:$C,3,FALSE) -> 1250472.9 | Q66: TOTAL | R66: =IF(Q66="TOTAL",P66/$P$1153,"") -> 1.8770936e-05
R67: =IF(Q67="TOTAL",P67/$P$1153,"")
C68: PRIMERA CLASE - LABORALES | D68: 53103525 | E68: GARCIA JIMENEZ MARIA ALEJANDRA | F68: NOMINA - CESANTIAS CONSOLIDADAS | G68: magarciajimenez@yahoo.com | H68: BOGOTA | J68: 1618162 | L68: 45169 | M68: 45169 | N68: =+J68 -> 1618162 | O68: 2023 | P68: =N68*VLOOKUP(O68,IPC_2024!$A:$C,3,FALSE) -> 1702306.4 | R68: =IF(Q68="TOTAL",P68/$P$1153,"")
F69: NOMINA - INTERESES CONSOLIDADAS | G69: magarciajimenez@yahoo.com | H69: BOGOTA | J69: 80907 | L69: 45046 | M69: =+L69+30 -> 45076 | N69: =+J69 -> 80907 | O69: 2023 | P69: =N69*VLOOKUP(O69,IPC_2024!$A:$C,3,FALSE) -> 85114.164 | R69: =IF(Q69="TOTAL",P69/$P$1153,"")
F70: NOMINA -VACACIONES CONSOLIDADAS | G70: magarciajimenez@yahoo.com | H70: BOGOTA | J70: 2707915 | L70: 45077 | M70: =+L70+30 -> 45107 | N70: =+J70 -> 2707915 | O70: 2023 | P70: =N70*VLOOKUP(O70,IPC_2024!$A:$C,3,FALSE) -> 2848726.6 | R70: =IF(Q70="TOTAL",P70/$P$1153,"")
E71: Total GARCIA JIMENEZ MARIA ALEJANDRA | F71: Total | J71: =SUM(J68:J70) -> 4406984 | N71: =SUM(N68:N70) -> 4406984 | P71: =SUM(P68:P70) -> 4636147.2 | Q71: TOTAL | R71: =IF(Q71="TOTAL",P71/$P$1153,"") -> 6.9593529e-05
R72: =IF(Q72="TOTAL",P72/$P$1153,"")
C73: PRIMERA CLASE - LABORALES | D73: 79505782 | E73: GARCIA MEDINA JORGE ENRIQUE | F73: NOMINA - SALARIOS X PAGAR | G73: jgarciam69@hotmail.com | H73: BOGOTA | J73: 79282000 | L73: 45168 | M73: 45168 | N73: =+J73 -> 79282000 | O73: 2023 | P73: =N73*VLOOKUP(O73,IPC_2024!$A:$C,3,FALSE) -> 83404664 | R73: =IF(Q73="TOTAL",P73/$P$1153,"")
F74: NOMINA - CESANTIAS CONSOLIDADAS | G74: jgarciam69@hotmail.com | H74: BOGOTA | J74: 8750000 | L74: 45169 | M74: 45169 | N74: =+J74 -> 8750000 | O74: 2023 | P74: =N74*VLOOKUP(O74,IPC_2024!$A:$C,3,FALSE) -> 9205000 | R74: =IF(Q74="TOTAL",P74/$P$1153,"")
F75: NOMINA - INTERESES CONSOLIDADAS | G75: jgarciam69@hotmail.com | H75: BOGOTA | J75: 1050000 | L75: 45046 | M75: =+L75+30 -> 45076 | N75: =+J75 -> 1050000 | O75: 2023 | P75: =N75*VLOOKUP(O75,IPC_2024!$A:$C,3,FALSE) -> 1104600 | R75: =IF(Q75="TOTAL",P75/$P$1153,"")
F76: NOMINA - PRIMA CONSOLIDADAS | G76: jgarciam69@hotmail.com | H76: BOGOTA | J76: 8750000 | L76: 45260 | M76: =+L76 -> 45260 | N76: =+J76 -> 8750000 | O76: 2023 | P76: =N76*VLOOKUP(O76,IPC_2024!$A:$C,3,FALSE) -> 9205000 | R76: =IF(Q76="TOTAL",P76/$P$1153,"")
F77: NOMINA -VACACIONES CONSOLIDADAS | G77: jgarciam69@hotmail.com | H77: BOGOTA | J77: 3500000 | L77: 45260 | M77: =+L77+30 -> 45290 | N77: =+J77 -> 3500000 | O77: 2023 | P77: =N77*VLOOKUP(O77,IPC_2024!$A:$C,3,FALSE) -> 3682000 | R77: =IF(Q77="TOTAL",P77/$P$1153,"")
E78: Total GARCIA MEDINA JORGE ENRIQUE | F78: Total | J78: =SUM(J73:J77) -> 101332000 | N78: =SUM(N73:N77) -> 101332000 | P78: =SUM(P73:P77) -> 106601264 | Q78: TOTAL | R78: =IF(Q78="TOTAL",P78/$P$1153,"") -> 0.001600199
R79: =IF(Q79="TOTAL",P79/$P$1153,"")
C80: PRIMERA CLASE - LABORALES | D80: 14635390 | E80: GIRALDO RODRIGUEZ JOSE JACOB | F80: NOMINA - CESANTIAS CONSOLIDADAS | G80: carrera 85A # 48A-28 - Cali/danielachk12@gmail.com | H80: BOGOTA | J80: 649996 | L80: 45167 | M80: 45167 | N80: =+J80 -> 649996 | O80: 2023 | P80: =N80*VLOOKUP(O80,IPC_2024!$A:$C,3,FALSE) -> 683795.79 | R80: =IF(Q80="TOTAL",P80/$P$1153,"")
F81: NOMINA - INTERESES CONSOLIDADAS | G81: carrera 85A # 48A-28 - Cali | H81: BOGOTA | J81: 27666 | L81: 45169 | M81: 45169 | N81: =+J81 -> 27666 | O81: 2023 | P81: =N81*VLOOKUP(O81,IPC_2024!$A:$C,3,FALSE) -> 29104.632 | R81: =IF(Q81="TOTAL",P81/$P$1153,"")
F82: NOMINA - PRIMA CONSOLIDADAS | G82: carrera 85A # 48A-28 - Cali | H82: BOGOTA | J82: 649997 | L82: 45138 | M82: =+L82 -> 45138 | N82: =+J82 -> 649997 | O82: 2023 | P82: =N82*VLOOKUP(O82,IPC_2024!$A:$C,3,FALSE) -> 683796.84 | R82: =IF(Q82="TOTAL",P82/$P$1153,"")
F83: NOMINA -VACACIONES CONSOLIDADAS | G83: carrera 85A # 48A-28 - Cali | H83: BOGOTA | J83: 470273 | L83: 45046 | M83: =+L83+30 -> 45076 | N83: =+J83 -> 470273 | O83: 2023 | P83: =N83*VLOOKUP(O83,IPC_2024!$A:$C,3,FALSE) -> 494727.2 | R83: =IF(Q83="TOTAL",P83/$P$1153,"")
E84: Total GIRALDO RODRIGUEZ JOSE JACOB | F84: Total | J84: =SUM(J80:J83) -> 1797932 | N84: =SUM(N80:N83) -> 1797932 | P84: =SUM(P80:P83) -> 1891424.5 | Q84: TOTAL | R84: =IF(Q84="TOTAL",P84/$P$1153,"") -> 2.8392305e-05
R85: =IF(Q85="TOTAL",P85/$P$1153,"")
C86: PRIMERA CLASE - LABORALES | D86: 39537878 | E86: HERNANDEZ LOPEZ NATIVIDAD | F86: NOMINA - SALARIOS X PAGAR | G86: Carrera 71A # 63A-27 | H86: BOGOTA | J86: 347002 | L86: 45046 | M86: =+L86+30 -> 45076 | N86: =+J86 -> 347002 | O86: 2023 | P86: =N86*VLOOKUP(O86,IPC_2024!$A:$C,3,FALSE) -> 365046.1 | R86: =IF(Q86="TOTAL",P86/$P$1153,"")
F87: NOMINA - CESANTIAS CONSOLIDADAS | G87: Carrera 71A # 63A-27 | H87: BOGOTA | J87: 328664 | L87: 45046 | M87: =+L87+30 -> 45076 | N87: =+J87 -> 328664 | O87: 2023 | P87: =N87*VLOOKUP(O87,IPC_2024!$A:$C,3,FALSE) -> 345754.53 | R87: =IF(Q87="TOTAL",P87/$P$1153,"")
F88: NOMINA - INTERESES CONSOLIDADAS | G88: Carrera 71A # 63A-27 | H88: BOGOTA | J88: 158226 | L88: 45169 | M88: 45169 | N88: =+J88 -> 158226 | O88: 2023 | P88: =N88*VLOOKUP(O88,IPC_2024!$A:$C,3,FALSE) -> 166453.75 | R88: =IF(Q88="TOTAL",P88/$P$1153,"")
F89: NOMINA - PRIMA CONSOLIDADAS | G89: Carrera 71A # 63A-27 | H89: BOGOTA | J89: 328665 | L89: 45260 | M89: =+L89 -> 45260 | N89: =+J89 -> 328665 | O89: 2023 | P89: =N89*VLOOKUP(O89,IPC_2024!$A:$C,3,FALSE) -> 345755.58 | R89: =IF(Q89="TOTAL",P89/$P$1153,"")
F90: NOMINA -VACACIONES CONSOLIDADAS | G90: Carrera 71A # 63A-27 | H90: BOGOTA | J90: 205578 | L90: 45046 | M90: =+L90+30 -> 45076 | N90: =+J90 -> 205578 | O90: 2023 | P90: =N90*VLOOKUP(O90,IPC_2024!$A:$C,3,FALSE) -> 216268.06 | R90: =IF(Q90="TOTAL",P90/$P$1153,"")
E91: Total HERNANDEZ LOPEZ NATIVIDAD | F91: Total | J91: =SUM(J86:J90) -> 1368135 | N91: =SUM(N86:N90) -> 1368135 | P91: =SUM(P86:P90) -> 1439278 | Q91: TOTAL | R91: =IF(Q91="TOTAL",P91/$P$1153,"") -> 2.1605103e-05
R92: =IF(Q92="TOTAL",P92/$P$1153,"")
C93: PRIMERA CLASE - LABORALES | D93: 23561072 | E93: MORA SANDOVAL ANA LUCIA | F93: NOMINA - OTROS | G93: Carrera 101 # 70-40 -T2-apto. 511 | H93: BOGOTA | J93: 800000 | L93: 45046 | M93: =+L93+30 -> 45076 | N93: =+J93 -> 800000 | O93: 2023 | P93: =N93*VLOOKUP(O93,IPC_2024!$A:$C,3,FALSE) -> 841600 | R93: =IF(Q93="TOTAL",P93/$P$1153,"")
F94: NOMINA - CESANTIAS CONSOLIDADAS | G94: Carrera 101 # 70-40 -T2-apto. 511 | H94: BOGOTA | J94: 6972214 | L94: 45046 | M94: =+L94+30 -> 45076 | N94: =+J94 -> 6972214 | O94: 2023 | P94: =N94*VLOOKUP(O94,IPC_2024!$A:$C,3,FALSE) -> 7334769.1 | R94: =IF(Q94="TOTAL",P94/$P$1153,"")
F95: NOMINA - INTERESES CONSOLIDADAS | G95: Carrera 101 # 70-40 -T2-apto. 511 | H95: BOGOTA | J95: 718333 | L95: 45077 | M95: =+L95+30 -> 45107 | N95: =+J95 -> 718333 | O95: 2023 | P95: =N95*VLOOKUP(O95,IPC_2024!$A:$C,3,FALSE) -> 755686.32 | R95: =IF(Q95="TOTAL",P95/$P$1153,"")
F96: NOMINA - PRIMA CONSOLIDADAS | G96: Carrera 101 # 70-40 -T2-apto. 511 | H96: BOGOTA | J96: 1972214 | L96: 45046 | M96: =+L96 -> 45046 | N96: =+J96 -> 1972214 | O96: 2023 | P96: =N96*VLOOKUP(O96,IPC_2024!$A:$C,3,FALSE) -> 2074769.1 | R96: =IF(Q96="TOTAL",P96/$P$1153,"")
F97: NOMINA -VACACIONES CONSOLIDADAS | G97: Carrera 101 # 70-40 -T2-apto. 511 | H97: BOGOTA | J97: 5385499 | L97: 45107 | M97: =+L97+30 -> 45137 | N97: =+J97 -> 5385499 | O97: 2023 | P97: =N97*VLOOKUP(O97,IPC_2024!$A:$C,3,FALSE) -> 5665544.9 | R97: =IF(Q97="TOTAL",P97/$P$1153,"")
E98: Total MORA SANDOVAL ANA LUCIA | F98: Total | J98: =SUM(J93:J97) -> 15848260 | N98: =SUM(N93:N97) -> 15848260 | P98: =SUM(P93:P97) -> 16672370 | Q98: TOTAL | R98: =IF(Q98="TOTAL",P98/$P$1153,"") -> 0.0002502701
R99: =IF(Q99="TOTAL",P99/$P$1153,"")
C100: PRIMERA CLASE - LABORALES | D100: 25279034 | E100: MUÑOZ MUÑOZ CLAUDIA JULIETH | F100: NOMINA - SALARIOS X PAGAR | G100: CALLE 93A 14 17 / klaudiamunozmunoz@gmail.com | H100: BOGOTA | J100: 8592000 | L100: 45046 | M100: =+L100+30 -> 45076 | N100: =+J100 -> 8592000 | O100: 2023 | P100: =N100*VLOOKUP(O100,IPC_2024!$A:$C,3,FALSE) -> 9038784 | R100: =IF(Q100="TOTAL",P100/$P$1153,"")
F101: NOMINA - CESANTIAS CONSOLIDADAS | J101: 1866667 | N101: =+J101 -> 1866667 | O101: 2023 | P101: =N101*VLOOKUP(O101,IPC_2024!$A:$C,3,FALSE) -> 1963733.7 | R101: =IF(Q101="TOTAL",P101/$P$1153,"")
F102: NOMINA - INTERESES CONSOLIDADAS | J102: 224000 | N102: =+J102 -> 224000 | O102: 2023 | P102: =N102*VLOOKUP(O102,IPC_2024!$A:$C,3,FALSE) -> 235648 | R102: =IF(Q102="TOTAL",P102/$P$1153,"")
...

Sheet IPC_2024
A1: Año | B1: Inflación | C1: Factor
A2: 2015 | B2: 6.77 | C2: {=IF(A2=2024,1,PRODUCT(1+B3:INDEX($B:$B,MATCH(2024,$A:$A,0))/100))} -> 1.6453591
A3: 2016 | B3: 5.75 | C3: {=IF(A3=2024,1,PRODUCT(1+B4:INDEX($B:$B,MATCH(2024,$A:$A,0))/100))} -> 1.5558951
A4: 2017 | B4: 4.09 | C4: {=IF(A4=2024,1,PRODUCT(1+B5:INDEX($B:$B,MATCH(2024,$A:$A,0))/100))} -> 1.4947595
A5: 2018 | B5: 3.18 | C5: {=IF(A5=2024,1,PRODUCT(1+B6:INDEX($B:$B,MATCH(2024,$A:$A,0))/100))} -> 1.4486911
A6: 2019 | B6: 3.8 | C6: {=IF(A6=2024,1,PRODUCT(1+B7:INDEX($B:$B,MATCH(2024,$A:$A,0))/100))} -> 1.3956562
A7: 2020 | B7: 1.61 | C7: {=IF(A7=2024,1,PRODUCT(1+B8:INDEX($B:$B,MATCH(2024,$A:$A,0))/100))} -> 1.3735421
A8: 2021 | B8: 5.62 | C8: {=IF(A8=2024,1,PRODUCT(1+B9:INDEX($B:$B,MATCH(2024,$A:$A,0))/100))} -> 1.3004565
A9: 2022 | B9: 13.12 | C9: {=IF(A9=2024,1,PRODUCT(1+B10:INDEX($B:$B,MATCH(2024,$A:$A,0))/100))} -> 1.1496256
A10: 2023 | B10: 9.28 | C10: {=IF(A10=2024,1,PRODUCT(1+B11:INDEX($B:$B,MATCH(2024,$A:$A,0))/100))} -> 1.052
A11: 2024 | B11: 5.2 | C11: {=IF(A11=2024,1,PRODUCT(1+B12:INDEX($B:$B,MATCH(2024,$A:$A,0))/100))} -> 1

Sheet IPC
A1: A (Año) | B1: B (Inflación anual, sin %) | C1: C (Factor a 2024)
A2: 2015 | B2: 6.77 | C2: {=IF(A2=2024,1,PRODUCT(1+$B3:INDEX($B:$B,MATCH(2024,$A:$A,0))/100))} -> 1.6453591
A3: 2016 | B3: 5.75 | C3: {=IF(A3=2024,1,PRODUCT(1+$B4:INDEX($B:$B,MATCH(2024,$A:$A,0))/100))} -> 1.5558951
A4: 2017 | B4: 4.09 | C4: {=IF(A4=2024,1,PRODUCT(1+$B5:INDEX($B:$B,MATCH(2024,$A:$A,0))/100))} -> 1.4947595
A5: 2018 | B5: 3.18 | C5: {=IF(A5=2024,1,PRODUCT(1+$B6:INDEX($B:$B,MATCH(2024,$A:$A,0))/100))} -> 1.4486911
A6: 2019 | B6: 3.8 | C6: {=IF(A6=2024,1,PRODUCT(1+$B7:INDEX($B:$B,MATCH(2024,$A:$A,0))/100))} -> 1.3956562
A7: 2020 | B7: 1.61 | C7: {=IF(A7=2024,1,PRODUCT(1+$B8:INDEX($B:$B,MATCH(2024,$A:$A,0))/100))} -> 1.3735421
A8: 2021 | B8: 5.62 | C8: {=IF(A8=2024,1,PRODUCT(1+$B9:INDEX($B:$B,MATCH(2024,$A:$A,0))/100))} -> 1.3004565
A9: 2022 | B9: 13.12 | C9: {=IF(A9=2024,1,PRODUCT(1+$B10:INDEX($B:$B,MATCH(2024,$A:$A,0))/100))} -> 1.1496256
A10: 2023 | B10: 9.28 | C10: {=IF(A10=2024,1,PRODUCT(1+$B11:INDEX($B:$B,MATCH(2024,$A:$A,0))/100))} -> 1.052
A11: 2024 | B11: 5.2 | C11: {=IF(A11=2024,1,PRODUCT(1+$B12:INDEX($B:$B,MATCH(2024,$A:$A,0))/100))} -> 1
